 Dungeon Crawl Stone Soup version 0.31-a0-1237-gabc64e778c (webtiles) character file.

Game seed: 9316714216440246360

1830924 MackTheKnife the Royal Jelly (level 24, 187/187 HPs)
             Began as an Armataur Chaos Knight on Dec 15, 2023.
             Was the Champion of Jiyva.
             Escaped with the Orb
             ... and 3 runes!
             The game lasted 01:31:58 (54136 turns).

MackTheKnife the Royal Jelly (AtCK)                Turns: 54136, Time: 01:31:59

Health: 187/187    AC: 42    Str: 22    XL:     24   Next: 45%
Magic:  38/38      EV: 13    Int: 24    God:    Jiyva [******]
Gold:   1786       SH: 20    Dex: 26    Spells: 23/23 levels left

rFire   + + +        j - +7 eveningstar of Oskodghi {heavy, Str+4, mace}
rCold   + + .        A - +4 kite shield
rNeg    + . .        d - +6 scale mail of Fashionability {rN+ Will+ Dex+3 SInv}
rPois   .            (helmet restricted)
rElec   +            b - +2 cloak {rF+}
rCorr   +            W - +2 pair of gloves {infuse}
SInv    +            B - +4 barding of Ecibi {rF+ Int+6 Stlth-}
Will    +++..        Z - amulet "Seav" {+Inv rC+ Regen+ Dex+3}
Stlth   +            c - ring "Cosuffyps" {rElec AC+4 Int-3 Stlth+}
HPRegen 3.56/turn    t - ring of the Platytaur {rC+ Will+ Int+3 SInv}
MPRegen 0.76/turn

%: roll, infuse magic (1 MP)
@: hasted, studying Conjurations, very quick
A: large, deformed body, tough skin 3, armoured tail, roll 2, long tongue,
antennae 1, stinger 2, agile 1, clever 1, fire resistance 3, frail 1, screaming
1, eyeballs 1, jelly absorbing missiles
0: Orb of Zot
}: 3/15 runes: barnacled, slimy, gossamer
a: Renounce Religion, Evoke Invisibility, Oozemancy, Slimify


You escaped.
You worshipped Jiyva.
Jiyva was exalted by your worship.
You visited 11 branches of the dungeon, and saw 52 of its levels.
You visited the Abyss 2 times.
You also visited: Sewer, Bailey, Volcano and Desolation.

You collected 5538 gold pieces.
You spent 3752 gold pieces at shops.


Innate Abilities, Weirdness & Mutations

Armour fits poorly on your strangely shaped body.
You have extremely tough skin. (AC +3)
You have a long armoured tail.
You roll and regenerate health when moving toward enemies. (Rampage Heal)
Your long tongue fully drains potion bottles. (2x potion effects)
You have a pair of small antennae on your head.
Your tail ends in a sharp venomous barb.
You are agile. (Dex +4, Str/Int -1)
Your mind is acute. (Int +4, Str/Dex -1)
Your flesh is almost immune to the effects of heat. (rF+++)
You are frail. (-10% HP)
You occasionally shout uncontrollably at your foes.
Your body has grown eyes which may confuse attackers. (Acc +3)
You have a small jelly attached to you that may absorb projectiles.


   Skills:
 + Level 21.1 Fighting
 - Level 17.6 Maces & Flails
 - Level 23.2 Armour
 - Level 10.0 Dodging
 - Level 16.0 Shields
 - Level 23.3 Invocations
 - Level 10.0 Evocations


You had 23 spell levels left.
You didn't know any spells.
Your spell library contained the following spells:

 Spells                   Type           Power      Damage    Failure   Level
 Apportation              Tloc           0%         N/A       34%         1
 Foxfire                  Conj/Fire      0%         2x1d4     34%         1
 Freeze                   Ice            0%         1d3       34%         1
 Kiss of Death            Conj/Necr      0%         2d5       34%         1
 Magic Dart               Conj           0%         1d3       34%         1
 Necrotise                Necr           0%         1d4       34%         1
 Slow                     Hex            0%         N/A       34%         1
 Sting                    Tmut/Pois      0%         1d3       34%         1
 Summon Small Mammal      Summ           0%         N/A       34%         1
 Blink                    Tloc           0%         N/A       47%         2
 Lesser Beckoning         Tloc           0%         N/A       47%         2
 Momentum Strike          Conj/Tloc      0%         3d8       47%         2
 Poisonous Vapours        Pois/Air       0%         N/A       47%         2
 Searing Ray              Conj           0%         2d4       47%         2
 Static Discharge         Conj/Air       0%         3-3/arc   47%         2
 Sublimation of Blood     Necr           0%         N/A       47%         2
 Confusing Touch          Hex            0%         N/A       71%         3
 Frozen Ramparts          Ice            0%         1d1       71%         3
 Gell's Gravitas          Tloc           0%         N/A       71%         3
 Hailstorm                Conj/Ice       0%         3d5       71%         3
 Ignite Poison            Fire/Tmut/Pois 0%         N/A       71%         3
 Inner Flame              Hex/Fire       0%         N/A       71%         3
 Sigil of Binding         Hex            0%         N/A       71%         3
 Teleport Other           Tloc           0%         N/A       71%         3
 Vampiric Draining        Necr           0%         2d6       71%         3
 Volatile Blastmotes      Fire/Tloc      0%         2d10      71%         3
 Airstrike                Air            0%         2d(0-16)  98%         4
 Dispel Undead            Necr           0%         3d6       98%         4
 Flame Wave               Conj/Fire      0%         2d4       98%         4
 Fulminant Prism          Conj/Hex       0%         3d5       98%         4
 Iskenderun's Mystic Bla  Conj/Tloc      0%         2d3       98%         4
 Manifold Assault         Tloc           0%         N/A       98%         4
 Olgreb's Toxic Radiance  Pois           0%         N/A       98%         4
 Passage of Golubria      Tloc           0%         N/A       98%         4
 Petrify                  Tmut/Erth      0%         N/A       98%         4
 Summon Ice Beast         Ice/Summ       0%         N/A       98%         4
 Summon Lightning Spire   Summ/Air       0%         N/A       98%         4
 Vhi's Electric Charge    Tloc/Air       0%         N/A       98%         4
 Agony                    Necr           0%         N/A       100%        5
 Arcjolt                  Conj/Air       0%         1d10      100%        5
 Freezing Cloud           Conj/Ice/Air   0%         6-21      100%        5
 Irradiate                Conj/Tmut      0%         3d11      100%        5
 Metabolic Englaciation   Hex/Ice        0%         N/A       100%        5
 Silence                  Hex/Air        0%         N/A       100%        5
 Summon Forest            Summ/Tloc      0%         N/A       100%        5
 Summon Mana Viper        Hex/Summ       0%         N/A       100%        5
 Yara's Violent Unravell  Hex/Tmut       0%         3d3       100%        5
 Bombard                  Conj/Erth      0%         9d1       100%        6
 Conjure Ball Lightning   Conj/Air       0%         3x3d6     100%        6
 Dispersal                Tloc           0%         N/A       100%        6
 Eringya's Noxious Bog    Tmut/Pois      0%         4d6       100%        6
 Plasma Beam              Fire/Air       0%         2x1d10    100%        6
 Simulacrum               Ice/Necr       0%         N/A       100%        6
 Starburst                Conj/Fire      0%         6d3       100%        6
 Enfeeble                 Hex            0%         N/A       100%        7
 Malign Gateway           Summ/Tloc      0%         N/A       100%        7
 Monstrous Menagerie      Summ           0%         N/A       100%        7
 Ozocubu's Refrigeration  Ice            0%         4d7       100%        7
 Summon Hydra             Summ           0%         N/A       100%        7
 Maxwell's Capacitive Co  Air            0%         ∞         100%        8
 Chain Lightning          Conj/Air       0%         N/A       100%        9
 Fire Storm               Conj/Fire      0%         5d1       100%        9
 Polar Vortex             Ice            0%         N/A       100%        9
 Shatter                  Erth           0%         3d5*      100%        9

Inventory:

Hand Weapons
 j - the +7 eveningstar of Oskodghi (weapon) {heavy, Str+4, mace}
   (You found it on level 3 of the Elven Halls)

   Str+4:     It affects your strength (+4).
 k - a +9 demon whip of electrocution {mace}
   (Okawaru gifted it to you on level 1 of the Lair of Beasts)
 T - the +7 sceptre of Torment {pain, torment}
   (You found it on level 1 of the Shoals)
Armour
 b - a +2 cloak of fire resistance (worn)
   (You found it in a volcano)
 d - the +6 scale mail of Fashionability (worn) {rN+ Will+ Dex+3 SInv}
   (You found it on level 3 of the Elven Halls)

   Dex+3:     It affects your dexterity (+3).
   rN+:       It protects you from negative energy.
   Will+:     It increases your willpower.
   SInv:      It lets you see invisible.
 A - a +4 kite shield (worn)
   (You took it off a gnoll sergeant on level 9 of the Dungeon)
 B - the +4 barding of Ecibi (worn) {rF+ Int+6 Stlth-}
   (Okawaru gifted it to you on level 1 of the Lair of Beasts)

   Int+6:     It affects your intelligence (+6).
   rF+:       It protects you from fire.
   Stlth-:    It makes you less stealthy.
 M - a +2 helmet of see invisible
   (You bought it in a shop on level 2 of the Orcish Mines)
 W - a +2 pair of gloves of infusion (worn)
   (You found it in the Desolation of Salt)
Jewellery
 c - the ring "Cosuffyps" (left hand) {rElec AC+4 Int-3 Stlth+}
   (You found it on level 13 of the Dungeon)

   [ring of protection]

   AC+4:      It affects your AC (+4).
   Int-3:     It affects your intelligence (-3).
   rElec:     It insulates you from electricity.
   Stlth+:    It makes you more stealthy.
 f - the ring of Vavioc {^Contam rElec rN++ Str+4 Int+6}
   (You found it on level 3 of the Elven Halls)

   [ring of intelligence]

   Str+4:     It affects your strength (+4).
   Int+6:     It affects your intelligence (+6).
   rElec:     It insulates you from electricity.
   rN++:      It greatly protects you from negative energy.
   ^Contam:   It causes magical contamination when unequipped.
 q - a ring of flight
   (You took it off a centaur on level 7 of the Dungeon)
 t - the ring of the Platytaur (right hand) {rC+ Will+ Int+3 SInv}
   (You found it in the Desolation of Salt)

   [ring of willpower]

   Int+3:     It affects your intelligence (+3).
   rC+:       It protects you from cold.
   Will+:     It increases your willpower.
   SInv:      It lets you see invisible.
 Z - the amulet "Seav" (around neck) {+Inv rC+ Regen+ Dex+3}
   (You found it in the Desolation of Salt)

   [amulet of regeneration]

   Dex+3:     It affects your dexterity (+3).
   rC+:       It protects you from cold.
   +Inv:      It lets you turn invisible.
   Regen+:    It increases your rate of health regeneration.
Wands
 y - a wand of quicksilver (19)
   (You took it off a kobold on level 8 of the Dungeon)
 E - a wand of flame (50)
   (You found it on level 3 of the Lair of Beasts)
 F - a wand of roots (33)
   (You found it on level 7 of the Dungeon)
 L - a wand of paralysis (44)
   (You found it on level 7 of the Dungeon)
 U - a wand of polymorph (4)
   (You found it on level 2 of the Shoals)
 X - a wand of mindburst (11)
   (You found it on level 4 of the Shoals)
Scrolls
 g - 6 scrolls of fear
 m - 2 scrolls of silence {!r}
 o - 10 scrolls of immolation {!r!r}
 p - a scroll of amnesia
 v - 6 scrolls of revelation
 x - 9 scrolls of vulnerability {!r!r}
 C - 2 scrolls of teleportation {@r4}
 D - 3 scrolls of poison {!r}
 H - 2 scrolls of brand weapon
 K - 14 scrolls of identify {@r1}
 Y - 2 scrolls of enchant weapon
Potions
 a - 6 potions of resistance
 e - 4 potions of heal wounds {@q2}
 h - 4 potions of magic
 n - 9 potions of curing {@q1}
 w - 9 potions of brilliance
 G - 2 potions of enlightenment
 I - 4 potions of lignification {!q}
 J - 2 potions of invisibility
 R - a potion of cancellation
 S - 4 potions of ambrosia
 V - 4 potions of berserk rage {!q}
Miscellaneous
 l - a condenser vane
   (You bought it in a shop on level 2 of the Orcish Mines)
 O - a phial of floods
   (You bought it in a shop on level 2 of the Orcish Mines)
 Q - a lightning rod (1/4)
   (You found it on level 12 of the Dungeon)

Dungeon Overview and Level Annotations

Branches:
Dungeon (15/15)            Temple (1/1) D:6            Lair (5/5) D:10
 Shoals (4/4) Lair:2       Spider (4/4) Lair:2        Slime (5/5) Lair:4
    Orc (2/2) D:10            Elf (3/3) Orc:2        Vaults (4/5) D:13
  Crypt (0/3) Vaults:3     Depths (4/4) D:15            Zot (5/5) Depths:4
  Sewer (visited)          Bailey (visited)         Volcano (visited)
Desolation (visited)

Altars:
Ashenzari
Cheibriados
Dithmenos
Elyvilon
Fedhas
Gozag
Hepliaklqana
Kikubaaqudgha
Makhleb
Nemelex Xobeh
Okawaru
Qazlal
Ru
Sif Muna
Trog
Uskayaw
Vehumet
Wu Jian
Xom
Yredelemnul
Zin
The Shining One
Jiyva

Shops:
D:1 !   D:15 [   Orc:2 [(*?[   Shoals:3 :   Vaults:2 :   Depths:2 (

Portals:
Hell: Depths:1 Depths:2 Depths:3
Abyss: Depths:2
Pandemonium: Depths:2
Ziggurat: Depths:1

Annotations:
Slime:5 Royal Jelly
Vaults:3 exclusion: upstairs
Depths:4 Grunn
Zot:5 exclusion: 3 upstairs, Tiamat

#..X....&#.#.#.#.#.#.#.#....##
...######...............##...#
...# #..........#......###.# ...#
##&......#.......## #.# #.##
#..X...#....#.....###.#### #)#
##...#...........##......# #X##
#..#...#.#.#.#....#.#.##.# ...#
##.......2.......##...##.# ...#
#...#..#.@.#..#...#....#.# ...#
##...............##.##.#.#
...#####....#.#.#.#...#..#.##.#.#
...##..##...........#...##.......
..&##.##.....#....#......##.#.###
....§§§##.......#.......###......
....§§§#......#..........##..#.##
..[§§§§##.........J.....###..#.##
...##§§§.#.#.#.#.#.#.#.#...†.....


You could see Qiwony, an Orb Guardian, a shadow demon and a neutral jelly
(wandering) (fellow slime).


Message History

You hear a distant slurping noise. 😮 HP[+2]
You regained 2 hp, and now have 118/187 hp. 😮 HP[+2]
You regained 2 hp, and now have 120/187 hp. 😮 HP[+2]
You regained 2 hp, and now have 122/187 hp.
You hear a distant slurping noise. 😮 HP[+2]
You regained 2 hp, and now have 124/187 hp. 😮 HP[+1]
Your quicksilver ooze hits Qiwony.
Your quicksilver ooze engulfs Qiwony!
Your quicksilver ooze hits Qiwony but does no damage. 😮 HP[+2]
You regained 2 hp, and now have 127/187 hp.
Qiwony is asphyxiated!
Your quicksilver ooze hits Qiwony! x2
Qiwony's magic leaks into the air.
Qiwony hits your quicksilver ooze!! 😮 HP[+2]
You regained 2 hp, and now have 129/187 hp.
As you read the scroll of fog, it dissolves into smoke. 😮 HP[+3]
You regained 3 hp, and now have 132/187 hp. 😮 HP[+2]
You regained 2 hp, and now have 134/187 hp. 😮 HP[+2]
You regained 2 hp, and now have 136/187 hp. 😮 HP[+2]
You regained 2 hp, and now have 138/187 hp. 😮 HP[+2]
You regained 2 hp, and now have 140/187 hp. 😕 HP[+2]
You regained 2 hp, and now have 142/187 hp.
Okay, then. 😕 HP[+2]
You regained 2 hp, and now have 144/187 hp. 😕 HP[+1] 😕 HP[+3]
You regained 3 hp, and now have 148/187 hp. 😕 HP[+2]
You regained 2 hp, and now have 150/187 hp. 😕 HP[+1]
You see here a +0 dagger {short}. 😕 HP[+2]
You regained 2 hp, and now have 153/187 hp. 😕 HP[+2]
You regained 2 hp, and now have 155/187 hp. 😕 HP[+2]
You regained 2 hp, and now have 157/187 hp. 😕 HP[+2]
You regained 2 hp, and now have 159/187 hp. 😕 HP[+2]
You regained 2 hp, and now have 161/187 hp.
Qiwony hits your quicksilver ooze!!
Your quicksilver ooze dies!
Your quicksilver ooze dissolves into a puddle of slime! 😕 HP[+2]
You regained 2 hp, and now have 163/187 hp.
As you read the scroll of fog, it dissolves into smoke. 😕 HP[+2]
You regained 2 hp, and now have 165/187 hp. 😕 HP[+2]
You regained 2 hp, and now have 167/187 hp. 😕 HP[+2]
You regained 2 hp, and now have 169/187 hp. 😕 HP[+2]
You regained 2 hp, and now have 171/187 hp. 😕 HP[+2]
You regained 2 hp, and now have 173/187 hp. 😕 HP[+2]
You regained 2 hp, and now have 175/187 hp.
An Orb Guardian comes into view. 😕 HP[+2]
You regained 2 hp, and now have 177/187 hp. 😕 HP[+2]
You regained 2 hp, and now have 179/187 hp. 😕 HP[+1] 😕 HP[+2]
You regained 2 hp, and now have 182/187 hp. 😕 HP[+2]
You regained 2 hp, and now have 184/187 hp.
You see here a +0 club {mace}. 😕 HP[+2]
You regained 2 hp, and now have 186/187 hp. 😎 HP[+1]
Your hp is fully restored (187).
Your extra speed is starting to run out.
You hear a distant slurping noise.
You feel as though your hastened speed will last longer.
You slurp down every last drop of the potion of haste {@q3}!
A shadow demon comes into view.
You roll towards the shadow demon!
You perforate the shadow demon like a sieve!!! 😎 MP[-1]
You lost 1 mp, and now have 37/38 mp.
You block the shadow demon's attack.
There is a staircase leading out of the dungeon here. 😎 MP[+1]
Your mp is fully restored (38).
You block the shadow demon's attack.
You have escaped!

Skill      XL: |  1  2  3  4  5  6  7  8  9 10 11 12 13 14 15 16 17 18 19 20 21 22 23 24 |
---------------+-------------------------------------------------------------------------+-----
Fighting       | 3 4 5 8 10 11 14 16 17 21 | 21.1
Maces & Flails | 3 4 5 6 8 10 11 12 14 17 | 17.6
Armour         | 4 10 11 14 16 21 23 | 23.2
Shields        | 3 8 13 14 16 | 16.0
Evocations     | 3 6 7 10 | 10.0
Invocations    | 4 8 9 10 14 17 21 23 | 23.3
Dodging        | 5 6 7 9 10 | 10.0

Action                     |  1- 3 |  4- 6 |  7- 9 | 10-12 | 13-15 | 16-18 | 19-21 | 22-24 || total
---------------------------+-------+-------+-------+-------+-------+-------+-------+-------++-------
  Melee: Mace              |    89 |   154 |   309 |    39 |       |       |       |       ||   591
         Tailslap          |     7 |    21 |    50 |   118 |   311 |   489 |   668 |   293 ||  1957
         Punch             |     1 |     2 |     2 |    11 |       |       |       |       ||    16
         Headbutt          |       |       |    62 |   205 |       |       |       |       ||   267
         Flail             |       |       |       |   633 |       |       |       |       ||   633
         Demon whip        |       |       |       |   210 |  1513 |  2262 |  2801 |    77 ||  6863
         Kick              |       |       |       |     9 |    19 |       |       |       ||    28
         Eveningstar       |       |       |       |       |       |    65 |       |  1108 ||  1173
  Throw: Dart              |       |       |     4 |     8 |       |       |       |       ||    12
 Invoke: Heroism           |       |       |       |     1 |     8 |    17 |       |       ||    26
         Receive Weapon    |       |       |       |     1 |       |       |       |       ||     1
         Receive Armour    |       |       |       |     1 |       |       |       |       ||     1
         Finesse           |       |       |       |       |     5 |    18 |       |       ||    23
         Oozemancy         |       |       |       |       |       |       |     2 |       ||     2
  Evoke: Wand              |       |       |       |     6 |       |     1 |     6 |     6 ||    19
         Condenser vane    |       |       |       |       |       |     2 |     4 |     3 ||     9
         Phial of floods   |       |       |       |       |       |     1 |     1 |       ||     2
         Lightning rod     |       |       |       |       |       |     5 |     6 |     7 ||    18
    Use: Scroll            |       |       |     6 |    14 |     7 |     8 |     9 |    22 ||    66
         Potion            |       |       |     4 |    10 |       |     7 |     9 |    25 ||    55
   Stab: Paralysed         |       |     1 |     2 |       |       |       |       |       ||     3
         Confused          |       |     1 |     4 |     1 |       |       |    10 |    48 ||    64
         Sleeping          |       |       |     1 |     5 |       |       |     1 |       ||     7
         Distracted        |       |       |       |     1 |       |       |     1 |     1 ||     3
         Invisible         |       |       |       |     5 |       |       |       |     9 ||    14
         Petrified         |       |       |       |       |    21 |     9 |       |       ||    30
         Petrifying        |       |       |       |       |     2 |     1 |       |       ||     3
 Armour: Leather armour    |    47 |    57 |   164 |   538 |   175 |       |       |       ||   981
         Animal skin       |       |       |       |       |   415 |  1282 |  1207 |       ||  2904
         Chain mail        |       |       |       |       |       |       |   313 |    39 ||   352
         Scale mail        |       |       |       |       |       |       |       |  1409 ||  1409
  Dodge: Dodged            |    57 |   105 |   210 |   608 |   393 |   796 |   706 |   583 ||  3458
  Block: Kite shield       |       |       |       |   111 |   551 |  1133 |  1294 |  1285 ||  4374

Levels and vault maps discovered:
D:1:      co_arrival_square_in_a_square_in_a_square, layout_loops_cross,
          serial_shops, nicolae_shop_tiny_real_fake_doors
D:2:      layout_loops_ring, basic_altar, serial_bayou_pond_b,
          minmay_misc_feat_five
D:3:      layout_basic, kiku_gazebo_pond_becter, lemuel_doored_altar,
          shapermc_ecumenical_altar_totnotflames
D:4:      layout_layer_cave
D:5:      layout_loops_ring, amethyst_overflow_temple_binary,
          nemelex_dance_club_becter, lemuel_mausoleum_altar_yredelemnul,
          gup_sewer_entry_glass, serial_bayou_pond_b
D:6:      layout_basic, chequers_temple_overflow_minitemple, temple_fountains
D:7:      minmay_the_grid_octo_tiled_squarecenter [minmay_the_grid_octo_clover,
          minmay_the_grid_octo_chip, minmay_the_grid_octo_clover_2,
          minmay_the_grid_octo_checkered,
          minmay_the_grid_square_5x5_megaprize_diamond,
          minmay_the_grid_square_5x5_misaligned, minmay_the_grid_square_5x5_tie,
          minmay_the_grid_square_5x5_mess,
          minmay_the_grid_square_5x5_six_small], layout_loops_corners,
          nicolae_concentric_dashed_squares_wild
D:8:      layout_basic
D:9:      layout_irregular_city, lemuel_round_altar, serial_rivers,
          chequers_serial_rivers_micro_c, chequers_serial_rivers_room_a,
          chequers_serial_rivers_room_a, chequers_serial_rivers_micro_b,
          chequers_serial_rivers_large_a, chequers_serial_rivers_small_a,
          enter_bailey_4
D:10:     layout_big_octagon, nicolae_ru_the_path_less_chosen, david_orc_4,
          uniq_lodul, uniq_erica
D:11:     cheibrodos_grave_circle, layout_basic, uniq_josephine
D:12:     layout_gridville, uniq_nessos
D:13:     layout_loops_ring, david_vaults_2, minivault_13
D:14:     minmay_outward_triangles, layout_grid_maze, gammafunk_ghost_split,
          nicolae_cairo_tiling_large
D:15:     grunt_enter_depths_magical_seal, layout_basic, serial_shops, shop,
          uniq_rupert
Temple:   nicolae_temple_ecumenical_triangle
Lair:1:   layout_concentric_octagons
Lair:2:   layout_gridlike, elwin_shoals_entry_stream,
          spider_nest_entry_funnel_web
Lair:3:   layout_gridlike, infiniplex_staircase_pool_2, uniq_fannar,
          uniq_nergalle
Lair:4:   layout_cave_pods, nicolae_slime_entry_slimehenge,
          hellmonk_guarded_unrand_zhor, lemuel_fruit_fields
Lair:5:   grunt_lair_end_beastmaster, layout_long_grid, enter_volcano_1
Shoals:1: layout_shoals
Shoals:2: layout_shoals, uniq_donald, uniq_polyphemus, uniq_ilsuiw
Shoals:3: layout_shoals, nicolae_shop_self_help
Shoals:4: shoals_end_grunt_ice, layout_shoals, shoals_ilsuiw_ice
Spider:1: layout_spider_delve
Spider:2: layout_cave_pods, uniq_nikola
Spider:3: layout_spider_delve, uniq_agnes, uniq_arachne, uniq_aizul
Spider:4: guppyfry_spider_rune, drop_trap
Slime:1:  layout_caves
Slime:2:  layout_caves, nicolae_slime_crime_time
Slime:3:  layout_caves, nicolae_slime_barrier
Slime:4:  layout_caves
Slime:5:  slime_pit_nicolae_block_by_block
Orc:1:    layout_caves, basic_altar
Orc:2:    st_orc_open, layout_caves, nicolae_shop_gadgets
Elf:1:    minmay_elf_arrival_summoners, layout_loops_corners,
          portal_desolation_entry_nicolae_nacl, minmay_elf_sorcery,
          grunt_ministairs_10, uniq_azrael
Elf:2:    elven_hall_of_blades_hangedman_original [nooodl_blade_entry_preview],
          layout_geoelf_diagonals, billiards_dpeg
Elf:3:    nooodl_elf_gasket, layout_loops_corners, serial_sigils,
          serial_sigils_hangedman_leer, serial_sigils_hangedman_scratch,
          serial_sigils_hangedman_confine, serial_sigils_hangedman_stare
Vaults:1: v_misc_23, nicolae_vaults_network_periphery,
          ontoclasm_vaults_ligature, ontoclasm_vaults_loading_screen,
          ontoclasm_vaults_decontamination, nicolae_vaults_six-pack,
          vaults_standard_mumra_enter_the_diamond,
          nicolae_vaults_trapezoid_lopsided_1, hangedman_vaults_maws,
          st_smaller_cells, v_misc_11, v_misc_5, nicolae_vaults_double_plus_3,
          grunt_vaults_hallway_short, nicolae_vaults_tetromino_Z_1,
          nicolae_vaults_trapezoid_1, grunt_vaults_hallway_short,
          nicolae_vaults_specimen_jars, layout_vaults_omnicross
Vaults:2: nicolae_vaults_ninety_degrees, hangedman_vaults_pinch,
          vaults_room_fours, vaults_room_door_hall, vaults_room_corners,
          v_pattern_1, nicolae_vaults_trapezoid_layered,
          ontoclasm_vaults_claustrophobia, hangedman_vaults_hard_town_square,
          hangedman_vaults_corner_blocks, nicolae_vaults_offset_grid_hallway_2,
          nicolae_vaults_variable_pillar_hall, nicolae_vaults_apartment_2,
          layout_vaults_omnibox, serial_shops, nicolae_shop_just_a_little_nook,
          uniq_jory
Vaults:3: nicolae_vaults_trapezoid_2, hangedman_vaults_slice,
          nicolae_vaults_little_squares_2, blue_anna_dwarven_crypt, v_rooms_2,
          st_eye, nicolae_vaults_puzzle_piece, vaults_room_semicircle,
          v_misc_15, nicolae_vaults_double_plus_1,
          nicolae_vaults_more_shelving_1, nicolae_vaults_trapezoid_2,
          layout_vaults_maze_snakey
Vaults:4: nicolae_vaults_hexular_roomagon, nicolae_vaults_stepped_doors,
          nicolae_vaults_double_plus_3, hangedman_vaults_restitches,
          hangedman_vaults_locks, nicolae_vaults_two_Ls,
          nicolae_vaults_circle_grid_b, vaults_room_semicircle,
          vaults_mumra_chevron_long, nicolae_vaults_octothorpe,
          nicolae_vaults_asterisk, hangedman_vaults_impose,
          vaults_room_door_hall, ontoclasm_vaults_gateway,
          nicolae_vaults_closet_pinwheel_2, nicolae_vaults_rhombus_7,
          serial_library_hellmonk_reading_circle, layout_vaults_ring
Depths:1: layout_roguey, enter_ziggurat_a, hell_entry, serial_aquarium,
          aquarium_bridge_square [aquarium_subvault_window,
          aquarium_subvault_bridge, aquarium_subvault_bridge,
          aquarium_subvault_bridge], aquarium_bridge_straight
          [aquarium_subvault_bridge, aquarium_subvault_window,
          aquarium_subvault_bridge, aquarium_subvault_wall], aquarium_window_1,
          aquarium_window_1, aquarium_view_2e, aquarium_pool_2,
          chequers_serial_rivers_room_b, grunt_ministairs_9,
          nicolae_dithmenos_the_darkroom, infiniplex_staircase_pool_lava
Depths:2: nicolae_cairo_tiling_large_dashed, layout_honeycomb, abyss_entry,
          serial_shops, nicolae_square_shop, grunt_decor_resistance,
          rand_demon_pan_entry_4, grunt_hell_entry_dis_mu
Depths:3: dreamdust_isle_of_ice, layout_cave_shapes, cheibriados_altar_1,
          abyss_entry_small_statue_room, hell_entry, minmay_shoptagon,
          roderic_lattice_octagonal_star, serial_bayou_shore_b
Depths:4: evilmike_zot_entry_gauntlet, layout_long_grid, rand_demon_pan_entry_8,
          lightli_too_deep, special_room [special_room_morgue],
          serial_library_hellmonk_open_cross, argonaut_fire_from_heaven,
          serial_bayou_shore_b, uniq_grunn, uniq_saint_roka
Zot:1:    cheibrodos_zot_enchanting_chambers, layout_twisted_circle,
          regret_index_zotdec_carving_tricks
Zot:2:    lemuel_draconian_sentries, layout_cathedral_of_symmetry,
          regret_index_zotdec_magical_s, uniq_vv
Zot:3:    layout_twisted_circle, regret_index_zotdec_wing_it
Zot:4:    layout_twisted_circle, st_stairs_14, regret_index_zotdec_ex,
          lemuel_lich_library, grunt_megastairs_4
Zot:5:    layout_gridlike, skrybe_zot_glass_3, uniq_tiamat

Notes
Turn   | Place    | Note
-------+----------+-------------------------------------------
     0 | D:1      | MackTheKnife the Armataur Chaos Knight began the quest for
                  | the Orb.
     0 | D:1      | Reached XP level 1. HP: 17/17 MP: 1/1
     0 | D:1      | magus.rc [v1.9.6]
    12 | D:1      | You pick up a book of Blasting and begin reading...
    12 | D:1      | You add the spells Volatile Blastmotes, Fulminant Prism and
                  | Iskenderun's Mystic Blast to your library.
   123 | D:1      | Reached skill level 3 in Fighting
   123 | D:1      | Reached skill level 3 in Maces & Flails
   123 | D:1      | Reached XP level 2. HP: 24/24 MP: 2/2
   238 | D:1      | XOM: silly message
   282 | D:1      | Found Archack's Distillery.
   332 | D:1      | XOM: divination: detect creatures
   381 | D:1      | XOM: 3-stop teleportation journey
   447 | D:1      | Reached XP level 3. HP: 29/29 MP: 3/3
   925 | D:2      | Found a bloodstained altar of Trog.
   965 | D:2      | Reached XP level 4. HP: 35/37 MP: 4/4
  1048 | D:2      | XOM: scenery: summon butterflies
  1049 | D:2      | XOM: polymorph butterfly -> river rat
  1058 | D:2      | Reached skill level 4 in Fighting
  1058 | D:2      | Reached skill level 4 in Maces & Flails
  1111 | D:2      | You pick up a book of Spatial Translocations and begin
                  | reading...
  1111 | D:2      | You add the spells Blink, Momentum Strike and Lesser
                  | Beckoning to your library.
  1231 | D:2      | XOM: noise
  1411 | D:3      | Found a faded altar of an unknown god.
  1499 | D:3      | Reached XP level 5. HP: 42/42 MP: 5/5
  1500 | D:3      | Found an ancient bone altar of Kikubaaqudgha.
  1639 | D:3      | XOM: silly message
  1708 | D:3      | Found a bloodstained altar of Trog.
  1973 | D:3      | XOM: divination: detect items
  2182 | D:1      | Bought a potion of heal wounds for 65 gold pieces
  2337 | D:4      | Reached skill level 5 in Maces & Flails
  2509 | D:4      | Reached XP level 6. HP: 48/48 MP: 6/6
  2610 | D:4      | Reached skill level 6 in Maces & Flails
  2676 | D:4      | XOM: cloud trail
  2927 | D:4      | XOM: confuse monster(s)
  3266 | D:5      | Entered Level 5 of the Dungeon
  3272 | D:5      | You add the spells Sting, Poisonous Vapours and Olgreb's
                  | Toxic Radiance to your library.
  3305 | D:5      | Gained mutation: You roll and regenerate health when moving
                  | toward enemies. (Rampage Heal) [Armataur growth]
  3305 | D:5      | Reached XP level 7. HP: 49/55 MP: 7/7
  3374 | D:5      | Found a glowing drain.
  3392 | Sewer    | Entered a sewer
  3480 | Sewer    | Noticed Pargi
  3481 | Sewer    | XOM: confusion (+ monsters)
  3483 | Sewer    | Gained mutation: Your spells are a little easier to cast,
                  | but a little less powerful. [potion of mutation]
  3483 | Sewer    | Gained mutation: You are agile. (Dex +4, Str/Int -1)
                  | [potion of mutation]
  3483 | Sewer    | Gained mutation: You have a pair of small horns on your
                  | head. [potion of mutation]
  3483 | Sewer    | Gained mutation: Your system is resistant to poisons.
                  | (rPois) [potion of mutation]
  3483 | Sewer    | Gained mutation: You have hidden genetic potential. [potion
                  | of mutation]
  3488 | Sewer    | Pargi changed into Pargi the killer bee
  3488 | Sewer    | Noticed Pargi
  3488 | Sewer    | XOM: polymorph Pargi -> Pargi the killer bee
  3492 | Sewer    | Killed Pargi the killer bee
  3542 | Sewer    | Reached skill level 5 in Fighting
  3764 | D:5      | XOM: summons 2 hostile demons
  3820 | D:5      | Found an iron altar of Okawaru.
  3820 | D:5      | Found a shimmering altar of Xom.
  3880 | D:5      | XOM: noise
  4009 | D:5      | XOM: noise
  4014 | D:5      | Reached skill level 7 in Maces & Flails
  4125 | D:5      | Noticed a shadow
  4127 | D:5      | XOM: draining
  4132 | D:5      | XOM: swap monsters
  4133 | D:5      | XOM: give mutation
  4133 | D:5      | Gained mutation: Your spells are easier to cast, but less
                  | powerful. [Xom's mischief]
  4168 | D:5      | XOM: confuse monster(s)
  4173 | D:5      | Killed a shadow
  4174 | D:5      | Reached skill level 8 in Maces & Flails
  4174 | D:5      | Reached XP level 8. HP: 53/62 MP: 8/8
  4197 | D:5      | Gained mutation: You expend magic power (3 MP) to
                  | strengthen your wands. [hidden potential]
  4325 | D:5      | Found a basalt altar of Yredelemnul.
  4396 | D:5      | Found a sparkling altar of Nemelex Xobeh.
  4669 | D:6      | Reached skill level 9 in Maces & Flails
  4693 | D:6      | Found a staircase to the Ecumenical Temple.
  4695 | D:6      | XOM: smoke on damage
  4703 | D:6      | XOM: confuse monster(s)
  4760 | D:6      | Reached skill level 10 in Maces & Flails
  4775 | Temple   | Entered the Ecumenical Temple
  4862 | D:5      | Fell from the grace of Xom
  4862 | D:5      | Became a worshipper of Warmaster Okawaru
  5001 | D:6      | Found a shadowy altar of Dithmenos.
  5001 | D:6      | Found a faded altar of an unknown god.
  5009 | D:6      | Found a shimmering blue altar of Sif Muna.
  5011 | D:6      | Found a broken altar of Ashenzari.
  5013 | D:6      | Found a faded altar of an unknown god.
  5085 | D:6      | Reached XP level 9. HP: 69/69 MP: 9/9
  5116 | D:6      | Reached skill level 6 in Fighting
  5142 | D:6      | Lost mutation: Your spells are easier to cast, but less
                  | powerful. [hidden potential]
  5142 | D:6      | Lost mutation: You have hidden genetic potential. [hidden
                  | potential expressed]
  5222 | D:6      | Reached * piety under Okawaru
  5695 | D:7      | Reached skill level 7 in Fighting
  5958 | D:7      | Noticed a cyclops
  5959 | D:7      | Noticed a boulder beetle
  5959 | D:7      | Noticed a two-headed ogre
  5959 | D:7      | Noticed a white ugly thing
  5961 | D:7      | Noticed a white ugly thing
  5965 | D:7      | a two-headed ogre changed into a glowing orange brain
  5965 | D:7      | Noticed a glowing orange brain
  5967 | D:7      | Killed a glowing orange brain
  5968 | D:7      | Reached skill level 8 in Fighting
  5968 | D:7      | Reached skill level 4 in Armour
  5973 | D:7      | Killed a purple ugly thing
  5973 | D:7      | Reached ** piety under Okawaru
  5975 | D:7      | Killed a purple ugly thing
  5976 | D:7      | Reached skill level 11 in Maces & Flails
  5976 | D:7      | Reached XP level 10. HP: 77/80 MP: 10/10
  5979 | D:7      | Identified the +1 quarterstaff of Tenacity {chaos, rPois}
  5979 | D:7      | Noticed a deep elf pyromancer
  5980 | D:7      | Noticed a gargoyle
  5988 | D:7      | Killed a cyclops
  5988 | D:7      | Reached *** piety under Okawaru
  5991 | D:7      | Killed a boulder beetle
  5992 | D:7      | Reached skill level 12 in Maces & Flails
  6035 | D:7      | Killed a deep elf pyromancer
  6077 | D:6      | Reached **** piety under Okawaru
  6078 | D:6      | Reached skill level 9 in Fighting
  6359 | D:7      | magus.rc [v1.9.6]
  6771 | D:7      | Reached skill level 10 in Fighting
  7302 | D:7      | You add the spells Gell's Gravitas, Flame Wave, Passage of
                  | Golubria and Bombard to your library.
  7302 | D:7      | Got the Omnibus of the Brilliant Door
  7407 | D:7      | Reached ***** piety under Okawaru
  7454 | D:7      | Killed a gargoyle
  7455 | D:7      | Reached XP level 11. HP: 68/92 MP: 6/11
  7557 | D:7      | XOM: cloud trail
  7676 | D:7      | XOM: god gift: faintly glowing quarterstaff {god gift}
  7676 | D:7      | Identified the +6 quarterstaff of the First Nightcaps
                  | {chaos, Will++ MP+9 Int-3} (Xom gifted it to you on level 7
                  | of the Dungeon)
  8017 | D:8      | You pick up a book of Necromancy and begin reading...
  8017 | D:8      | You add the spells Necrotise, Vampiric Draining and Agony
                  | to your library.
  8029 | D:8      | You add the spells Teleport Other and Dispersal to your
                  | library.
  8272 | D:8      | XOM: 5-stop teleportation journey
  8518 | D:8      | You pick up a book of Ice and begin reading...
  8518 | D:8      | You add the spells Ozocubu's Refrigeration and Polar Vortex
                  | to your library.
  8958 | D:8      | You pick up a book of Cantrips and begin reading...
  9184 | D:9      | Found a flagged portal.
  9189 | Bailey   | Entered a bailey
  9368 | Bailey   | Reached skill level 11 in Fighting
  9739 | D:9      | XOM: 2-stop teleportation journey
  9899 | D:9      | XOM: summons 11 hostile demons
 10149 | D:9      | Received a gift from Okawaru
 10200 | D:9      | XOM: summons 1 hostile demon
 10377 | D:9      | Found a glowing silver altar of Zin.
 10763 | D:9      | Reached skill level 13 in Maces & Flails
 10866 | D:9      | XOM: noise
 11028 | D:9      | Noticed a two-headed ogre
 11037 | D:9      | Killed a two-headed ogre
 11106 | D:9      | XOM: noise
 11262 | D:10     | Entered Level 10 of the Dungeon
 11262 | D:10     | Noticed a two-headed ogre
 11269 | D:10     | Killed a two-headed ogre
 11336 | D:10     | XOM: 3-stop teleportation journey
 11394 | D:10     | Found a staircase to the Lair.
 11491 | D:10     | Noticed Erica
 11501 | D:10     | Killed Erica
 11501 | D:10     | Received a gift from Okawaru
 11502 | D:10     | Reached skill level 14 in Maces & Flails
 11582 | D:10     | Reached skill level 1 in Shields
 11582 | D:10     | Reached skill level 1 in Evocations
 11645 | D:10     | Noticed Lodul
 11691 | D:10     | Killed Lodul
 11692 | D:10     | Reached skill level 2 in Shields
 11692 | D:10     | Reached skill level 2 in Evocations
 11709 | D:10     | Reached skill level 3 in Shields
 11782 | D:10     | Found a sacrificial altar of Ru.
 12084 | D:10     | XOM: stat loss: -1 Int (11/12)
 12120 | D:10     | Reached skill level 3 in Evocations
 12120 | D:10     | Reached XP level 12. HP: 81/100 MP: 12/12
 12172 | D:10     | Found a staircase to the Orcish Mines.
 12350 | Lair:1   | Entered Level 1 of the Lair of Beasts
 12480 | Lair:1   | Noticed a death yak
 12482 | Lair:1   | Noticed a death yak
 12482 | Lair:1   | Noticed a death yak
 12482 | Lair:1   | Noticed a death yak
 12485 | Lair:1   | Noticed a death yak
 12500 | Lair:1   | Killed a death yak
 12500 | Lair:1   | Reached ****** piety under Okawaru
 12501 | Lair:1   | Reached skill level 4 in Shields
 12507 | Lair:1   | Killed a death yak
 12507 | Lair:1   | Received a gift from Okawaru
 12508 | Lair:1   | Reached skill level 4 in Evocations
 12511 | Lair:1   | Killed a death yak
 12512 | Lair:1   | Reached skill level 5 in Shields
 12523 | Lair:1   | Killed a death yak
 12540 | Lair:1   | Killed a death yak
 12541 | Lair:1   | Reached skill level 5 in Evocations
 12616 | Lair:1   | Acquired a +6 demon whip of electrocution
 12616 | Lair:1   | Received a gift from Okawaru
 12619 | Lair:1   | Acquired the +4 barding of Ecibi {rF+ Int+6 Stlth-}
 12619 | Lair:1   | Received a gift from Okawaru
 12742 | Lair:1   | Received a gift from Okawaru
 12743 | Lair:1   | Reached skill level 6 in Shields
 12872 | Lair:1   | Reached skill level 6 in Evocations
 12928 | Lair:1   | XOM: summons 14 hostile demons
 13133 | Lair:1   | Reached skill level 7 in Shields
 13603 | Lair:1   | magus.rc [v1.9.6]
 13628 | Lair:1   | XOM: god gift: scroll of teleportation
 13666 | Lair:2   | Reached skill level 1 in Invocations
 13667 | Lair:2   | Noticed a four-headed hydra
 13673 | Lair:2   | Killed a four-headed hydra
 13674 | Lair:2   | Reached skill level 2 in Invocations
 13838 | Lair:2   | Reached skill level 8 in Shields
 13838 | Lair:2   | Reached skill level 3 in Invocations
 13885 | Lair:2   | Received a gift from Okawaru
 13905 | Lair:2   | Reached skill level 4 in Invocations
 13921 | Lair:2   | Found a hole to the Spider Nest.
 13951 | Lair:2   | HP: 25/100 [poisoned by a redback]
 14208 | Lair:2   | XOM: give mutations
 14208 | Lair:2   | Gained mutation: Your muscles are strong. (Str +4, Int/Dex
                  | -1) [Xom's mischief]
 14208 | Lair:2   | Lost mutation: You have a pair of small horns on your head.
                  | [Xom's mischief]
 14208 | Lair:2   | Gained mutation: You are frail. (-10% HP) [Xom's mischief]
 14208 | Lair:2   | Lost mutation: You are frail. (-10% HP) [Xom's mischief]
 14240 | Lair:2   | XOM: give mutation
 14240 | Lair:2   | Gained mutation: You have large cloven feet. [Xom's grace]
 14362 | Lair:2   | XOM: draining
 14462 | Lair:2   | Reached XP level 13. HP: 71/93 MP: 16/16
 14653 | Lair:2   | Found a staircase to the Shoals.
 14667 | Lair:2   | Reached skill level 9 in Shields
 14683 | Lair:2   | Reached skill level 5 in Invocations
 14735 | Lair:2   | XOM: give mutations
 14735 | Lair:2   | Gained mutation: Your magical capacity is low. (-10% MP)
                  | [Xom's mischief]
 14735 | Lair:2   | Lost mutation: Your muscles are strong. (Str +4, Int/Dex
                  | -1) [Xom's mischief]
 14735 | Lair:2   | Lost mutation: You are agile. (Dex +4, Str/Int -1) [Xom's
                  | mischief]
 14735 | Lair:2   | Lost mutation: You have large cloven feet. [Xom's mischief]
 15015 | Lair:3   | Identified the +7 trident of the Many Tables {heavy, rF+}
 15057 | Lair:3   | You pick up a book of Misfortune and begin reading...
 15057 | Lair:3   | You add the spells Inner Flame, Yara's Violent Unravelling
                  | and Enfeeble to your library.
 15084 | Lair:3   | Noticed Fannar
 15115 | Lair:3   | Killed Fannar
 15115 | Lair:3   | Received a gift from Okawaru
 15197 | Lair:3   | Reached skill level 6 in Invocations
 15451 | Lair:3   | Reached skill level 10 in Shields
 15473 | Lair:3   | Noticed Nergalle
 15481 | Lair:3   | Killed Nergalle
 15721 | Lair:3   | XOM: 3-stop teleportation journey
 15721 | Lair:3   | Was forgiven by Xom
 16013 | Lair:4   | Reached skill level 7 in Invocations
 16373 | Lair:4   | Received a gift from Okawaru
 16436 | Lair:4   | Found a staircase to the Slime Pits.
 16437 | Lair:4   | Found a viscous altar of Jiyva.
 16538 | Lair:4   | Reached skill level 8 in Invocations
 16719 | Lair:4   | Reached skill level 11 in Shields
 16983 | Lair:4   | Found the +4 skin of Zhor {*Englaciate rC+++ SInv}
 17061 | Lair:5   | Entered Level 5 of the Lair of Beasts
 17104 | Lair:5   | Received a gift from Okawaru
 17113 | Lair:5   | Reached skill level 12 in Shields
 17125 | Lair:5   | Found a dark tunnel.
 17164 | Volcano  | Entered a volcano
 17299 | Volcano  | Reached skill level 13 in Shields
 17341 | Volcano  | Received a gift from Okawaru
 17356 | Volcano  | Reached XP level 14. HP: 109/113 MP: 18/18
 17407 | Volcano  | You add the spells Freeze, Frozen Ramparts and Metabolic
                  | Englaciation to your library.
 17407 | Volcano  | Got Sif Muna's Handbook of the Chill
 17849 | Lair:5   | Reached skill level 14 in Shields
 17858 | Lair:5   | Reached skill level 1 in Dodging
 17954 | Lair:5   | Reached skill level 5 in Armour
 17963 | Lair:5   | Reached skill level 2 in Dodging
 18015 | Lair:5   | Received a gift from Okawaru
 18169 | Lair:5   | Reached skill level 6 in Armour
 18463 | Orc:1    | Entered Level 1 of the Orcish Mines
 18556 | Orc:2    | Entered Level 2 of the Orcish Mines
 18556 | Orc:2    | Found a staircase to the Elven Halls.
 18600 | Orc:2    | Reached skill level 3 in Dodging
 18626 | Orc:2    | Reached skill level 7 in Armour
 18660 | Orc:2    | Received a gift from Okawaru
 18667 | Orc:2    | Reached skill level 4 in Dodging
 18688 | Orc:2    | Found Noygim's Magic Scroll Shoppe.
 18698 | Orc:2    | Found Rawkouw's Antique Armour Boutique.
 18702 | Orc:2    | Reached skill level 8 in Armour
 18729 | Orc:2    | Found Zeroi's Antique Armour Shop.
 18734 | Orc:2    | Found Haapnos's Weapon Boutique.
 18751 | Orc:2    | Noticed an orc warlord
 18784 | Orc:2    | Killed an orc warlord
 18786 | Orc:2    | Reached skill level 9 in Armour
 18786 | Orc:2    | Reached skill level 5 in Dodging
 18806 | Orc:2    | Bought a scroll of revelation for 82 gold pieces
 18806 | Orc:2    | Bought a scroll of revelation for 82 gold pieces
 18806 | Orc:2    | Bought a scroll of revelation for 82 gold pieces
 18814 | Orc:2    | Found Hikyqeank's Gadget Gallery.
 18826 | Orc:2    | Bought a shiny helmet for 232 gold pieces
 19007 | Orc:2    | Received a gift from Okawaru
 19028 | Orc:2    | Bought a condenser vane for 600 gold pieces
 19028 | Orc:2    | Bought a phial of floods for 600 gold pieces
 19284 | Orc:1    | Found a burning altar of Makhleb.
 19921 | Orc:2    | Bought a scroll of enchant weapon for 82 gold pieces
 20033 | D:11     | Reached skill level 10 in Armour
 20033 | D:11     | Reached XP level 15. HP: 118/118 MP: 18/18
 20179 | D:11     | Noticed Josephine
 20199 | D:11     | Killed Josephine
 20200 | D:11     | Reached skill level 6 in Dodging
 20271 | D:11     | You pick up a book of Beasts and begin reading...
 20556 | D:12     | Received a gift from Okawaru
 21178 | D:12     | Noticed Nessos
 21191 | D:12     | Killed Nessos
 21595 | D:13     | Reached skill level 12 in Fighting
 21675 | D:13     | Found a gate to the Vaults.
 22035 | D:13     | Found a runed translucent door.
 22036 | D:13     | Noticed a frost giant
 22050 | D:13     | Killed a frost giant
 22083 | D:13     | Noticed a sphinx
 22089 | D:13     | Reached skill level 13 in Fighting
 22093 | D:13     | Killed a sphinx
 22093 | D:13     | Received a gift from Okawaru
 22153 | D:13     | Identified the ring "Cosuffyps" {rElec AC+4 Int-3 Stlth+}
 22628 | D:14     | Noticed asdu's ghost (journeyman MeSh)
 22629 | D:14     | Noticed a sphinx
 22638 | D:14     | Found a runed translucent gate.
 22638 | D:14     | Found a runed translucent gate.
 22638 | D:14     | Found a runed translucent gate.
 23352 | D:14     | Killed asdu's ghost
 23364 | D:14     | Killed a sphinx
 23365 | D:14     | Reached skill level 14 in Fighting
 23391 | D:14     | Identified the ring "Kiureoke" {rElec Str-3 Int+6 SInv
                  | Stlth+}
 23395 | D:14     | You pick up a book of Touch and begin reading...
 23395 | D:14     | You add the spells Kiss of Death, Confusing Touch and
                  | Dispel Undead to your library.
 23432 | D:15     | Entered Level 15 of the Dungeon
 23482 | D:15     | Received a gift from Okawaru
 23485 | D:15     | Reached skill level 7 in Evocations
 23646 | D:15     | Noticed Rupert
 23658 | D:15     | Killed Rupert
 23659 | D:15     | Reached skill level 9 in Invocations
 23762 | D:15     | Reached XP level 16. HP: 133/133 MP: 20/20
 23788 | D:15     | Reached skill level 8 in Evocations
 23796 | D:15     | Received a gift from Okawaru
 23942 | D:15     | Found Gorikam's Antique Armour Shoppe.
 24001 | D:15     | Bought a pair of steaming gloves for 209 gold pieces
 24001 | D:15     | Identified the +0 pair of gloves "Odaga" {Harm rPois rC+
                  | Stlth-} (You bought it in a shop on level 15 of the
                  | Dungeon)
 24002 | D:15     | Bought a faintly humming scale mail for 198 gold pieces
 24002 | D:15     | Identified the +0 scale mail "Jautuzap" {rC- Will+ Dex+4}
                  | (You bought it in a shop on level 15 of the Dungeon)
 24180 | D:15     | Reached skill level 10 in Invocations
 24215 | D:15     | Found a staircase to the Depths.
 24404 | Lair:1   | magus.rc [v1.9.6]
 24479 | Spider:1 | Entered Level 1 of the Spider Nest
 24495 | Spider:1 | Reached skill level 9 in Evocations
 24787 | Spider:1 | Reached skill level 10 in Evocations
 24938 | Spider:1 | Received a gift from Okawaru
 25378 | Spider:2 | Noticed Nikola
 25668 | Spider:2 | Reached skill level 11 in Armour
 25944 | Spider:2 | Received a gift from Okawaru
 25951 | Spider:2 | Reached skill level 7 in Dodging
 26221 | Spider:2 | Killed Nikola
 26888 | Spider:2 | Reached XP level 17. HP: 114/140 MP: 15/22
 26900 | Spider:2 | Reached skill level 12 in Armour
 26946 | Spider:3 | Received a gift from Okawaru
 27092 | Spider:3 | Noticed Arachne
 27144 | Spider:3 | Reached skill level 15 in Fighting
 27159 | Spider:3 | HP: 33/142 [Arachne/staff of poison (10)]
 27180 | Spider:3 | Killed Arachne
 27555 | Spider:3 | Reached skill level 8 in Dodging
 27746 | Spider:3 | Identified the serpent talisman "Gyfa" {rElec rC+ Stlth+}
 27746 | Spider:3 | Noticed Aizul
 27760 | Spider:3 | Killed Aizul
 27915 | Spider:3 | Noticed Agnes
 27922 | Spider:3 | Killed Agnes
 28035 | Spider:4 | Entered Level 4 of the Spider Nest
 28064 | Spider:4 | Reached skill level 13 in Armour
 29096 | Spider:4 | Reached skill level 9 in Dodging
 29106 | Spider:4 | Reached skill level 14 in Armour
 29226 | Spider:4 | Received a gift from Okawaru
 29257 | Spider:4 | Reached skill level 16 in Fighting
 29415 | Spider:4 | Got a gossamer rune of Zot
 29881 | Shoals:1 | Entered Level 1 of the Shoals
 30120 | Shoals:1 | Reached XP level 18. HP: 142/151 MP: 15/22
 30349 | Shoals:1 | Found the +7 sceptre of Torment {pain, torment}
 30614 | Shoals:1 | HP: 30/151 [water elemental (32)]
 30737 | Shoals:1 | Reached skill level 15 in Armour
 31145 | Shoals:2 | Received a gift from Okawaru
 31281 | Shoals:2 | Reached skill level 10 in Dodging
 31444 | Shoals:2 | Noticed Ilsuiw
 31477 | Shoals:2 | Killed Ilsuiw
 31641 | Shoals:2 | Noticed Polyphemus
 31666 | Shoals:2 | Reached skill level 16 in Armour
 31688 | Shoals:2 | Killed Polyphemus
 31738 | Shoals:2 | Received a gift from Okawaru
 31800 | Shoals:2 | Noticed Donald
 31812 | Shoals:2 | Killed Donald
 32228 | Shoals:3 | Reached skill level 15 in Shields
 32641 | Shoals:3 | Found Coegroad's Self-Improvement Boutique.
 32941 | Shoals:4 | Entered Level 4 of the Shoals
 33131 | Shoals:4 | Reached skill level 16 in Shields
 33215 | Shoals:4 | You pick up a book of Sloth and begin reading...
 33666 | Shoals:4 | Got a barnacled rune of Zot
 33857 | Shoals:4 | Identified the +9 orcbow of Melee {heavy, rC+}
 34106 | Lair:4   | Fell from the grace of Okawaru
 34106 | Lair:4   | Became a worshipper of Jiyva Jemaz the Shapeless
 34299 | Vaults:1 | Entered Level 1 of the Vaults
 34533 | Vaults:1 | Reached skill level 17 in Fighting
 34533 | Vaults:1 | Reached XP level 19. HP: 108/161 MP: 23/23
 35109 | Vaults:1 | Reached * piety under Jiyva
 35357 | Vaults:1 | Lost mutation: Your system is resistant to poisons. (rPois)
                  | [potion of mutation]
 35357 | Vaults:1 | Lost mutation: Your spells are a little easier to cast, but
                  | a little less powerful. [potion of mutation]
 35357 | Vaults:1 | Lost mutation: Your magical capacity is low. (-10% MP)
                  | [potion of mutation]
 35357 | Vaults:1 | Lost mutation: You expend magic power (3 MP) to strengthen
                  | your wands. [potion of mutation]
 35357 | Vaults:1 | Gained mutation: You do not regenerate when monsters are
                  | visible. [potion of mutation]
 35357 | Vaults:1 | Gained mutation: Your system is resistant to poisons.
                  | (rPois) [potion of mutation]
 35357 | Vaults:1 | Gained mutation: You are partially covered in iridescent
                  | scales. (AC +2) [potion of mutation]
 35357 | Vaults:1 | Gained mutation: Your spells are a little harder to cast,
                  | but a little more powerful. [potion of mutation]
 35357 | Vaults:1 | Gained mutation: Your tail ends in a venomous barb. [potion
                  | of mutation]
 35431 | Vaults:1 | Lost mutation: Your system is resistant to poisons. (rPois)
                  | [potion of mutation]
 35431 | Vaults:1 | Lost mutation: You do not regenerate when monsters are
                  | visible. [potion of mutation]
 35431 | Vaults:1 | Lost mutation: Your tail ends in a venomous barb. [potion
                  | of mutation]
 35431 | Vaults:1 | Lost mutation: Your spells are a little harder to cast, but
                  | a little more powerful. [potion of mutation]
 35431 | Vaults:1 | Lost mutation: You are partially covered in iridescent
                  | scales. (AC +2) [potion of mutation]
 35431 | Vaults:1 | Gained mutation: You have a pair of small horns on your
                  | head. [potion of mutation]
 35431 | Vaults:1 | Gained mutation: Your magical capacity is low. (-10% MP)
                  | [potion of mutation]
 35431 | Vaults:1 | Gained mutation: You possess an exceptional clarity of
                  | mind. [potion of mutation]
 35431 | Vaults:1 | Gained mutation: You occasionally lose the ability to read
                  | scrolls when taking damage. [potion of mutation]
 35431 | Vaults:1 | Gained mutation: You have sharp toenails. [potion of
                  | mutation]
 35432 | Vaults:1 | Lost mutation: You possess an exceptional clarity of mind.
                  | [potion of mutation]
 35432 | Vaults:1 | Lost mutation: You have a pair of small horns on your head.
                  | [potion of mutation]
 35432 | Vaults:1 | Lost mutation: You have sharp toenails. [potion of
                  | mutation]
 35432 | Vaults:1 | Lost mutation: Your magical capacity is low. (-10% MP)
                  | [potion of mutation]
 35432 | Vaults:1 | Gained mutation: You passively map a small area around you.
                  | [potion of mutation]
 35432 | Vaults:1 | Gained mutation: You have a somewhat thin skeletal
                  | structure. (Dex +2, Stealth+) [potion of mutation]
 35432 | Vaults:1 | Gained mutation: Your flesh is heat resistant. (rF+)
                  | [potion of mutation]
 35432 | Vaults:1 | Gained mutation: You occasionally shout uncontrollably at
                  | your foes. [potion of mutation]
 35432 | Vaults:1 | Gained mutation: You have sharp fingernails. [potion of
                  | mutation]
 35433 | Vaults:1 | Lost mutation: You passively map a small area around you.
                  | [potion of mutation]
 35433 | Vaults:1 | Lost mutation: Your flesh is heat resistant. (rF+) [potion
                  | of mutation]
 35433 | Vaults:1 | Lost mutation: You occasionally shout uncontrollably at
                  | your foes. [potion of mutation]
 35433 | Vaults:1 | Lost mutation: You have sharp fingernails. [potion of
                  | mutation]
 35433 | Vaults:1 | Gained mutation: You possess an exceptional clarity of
                  | mind. [potion of mutation]
 35433 | Vaults:1 | Gained mutation: You are dopey. (Int -2) [potion of
                  | mutation]
 35433 | Vaults:1 | Gained mutation: Your movements are slightly less
                  | encumbered by armour. (ER -2) [potion of mutation]
 35433 | Vaults:1 | Gained mutation: You have sharp toenails. [potion of
                  | mutation]
 35433 | Vaults:1 | Gained mutation: You have a pair of small horns on your
                  | head. [potion of mutation]
 35434 | Vaults:1 | Lost mutation: You have a somewhat thin skeletal structure.
                  | (Dex +2, Stealth+) [potion of mutation]
 35434 | Vaults:1 | Lost mutation: You possess an exceptional clarity of mind.
                  | [potion of mutation]
 35434 | Vaults:1 | Lost mutation: You have sharp toenails. [potion of
                  | mutation]
 35434 | Vaults:1 | Lost mutation: You are dopey. (Int -2) [potion of mutation]
 35434 | Vaults:1 | Lost mutation: You occasionally lose the ability to read
                  | scrolls when taking damage. [potion of mutation]
 35434 | Vaults:1 | Lost mutation: Your movements are slightly less encumbered
                  | by armour. (ER -2) [potion of mutation]
 35434 | Vaults:1 | Gained mutation: Your health recovers twice as slowly from
                  | being drained. [potion of mutation]
 35434 | Vaults:1 | Gained mutation: You are partially covered in large bone
                  | plates. (SH +4) [potion of mutation]
 35434 | Vaults:1 | Gained mutation: You sometimes lose your temper in combat.
                  | [potion of mutation]
 35434 | Vaults:1 | Gained mutation: Potions are less effective at restoring
                  | your health. [potion of mutation]
 35434 | Vaults:1 | Gained mutation: Your flesh is heat resistant. (rF+)
                  | [potion of mutation]
 35434 | Vaults:1 | Gained mutation: Your body sometimes deteriorates upon
                  | taking damage. [potion of mutation]
 35434 | Vaults:1 | Gained mutation: You are agile. (Dex +4, Str/Int -1)
                  | [potion of mutation]
 35435 | Vaults:1 | Lost mutation: You sometimes lose your temper in combat.
                  | [potion of mutation]
 35435 | Vaults:1 | Lost mutation: Potions are less effective at restoring your
                  | health. [potion of mutation]
 35435 | Vaults:1 | Lost mutation: You have a pair of small horns on your head.
                  | [potion of mutation]
 35435 | Vaults:1 | Lost mutation: You are partially covered in large bone
                  | plates. (SH +4) [potion of mutation]
 35435 | Vaults:1 | Gained mutation: You occasionally lose the ability to drink
                  | potions when taking damage. [potion of mutation]
 35435 | Vaults:1 | Gained mutation: Your muscles are strong. (Str +4, Int/Dex
                  | -1) [potion of mutation]
 35435 | Vaults:1 | Gained mutation: Your mind is acute. (Int +4, Str/Dex -1)
                  | [potion of mutation]
 35435 | Vaults:1 | Lost mutation: You are agile. (Dex +4, Str/Int -1) [potion
                  | of mutation]
 35435 | Vaults:1 | Lost mutation: Your mind is acute. (Int +4, Str/Dex -1)
                  | [potion of mutation]
 35435 | Vaults:1 | Gained mutation: You have sharp toenails. [potion of
                  | mutation]
 35769 | Vaults:1 | Reached ** piety under Jiyva
 35943 | Vaults:2 | Reached skill level 18 in Fighting
 36280 | Vaults:2 | Found Estrubun's Book Shop.
 36378 | Vaults:2 | HP: 40/163 [titan[the fury of Okawaru] (34)]
 36668 | Shoals:3 | Bought a manual of Fighting for 1520 gold pieces
 37130 | Vaults:2 | Reached *** piety under Jiyva
 37259 | Vaults:2 | HP: 41/164 [titan[the fury of Okawaru] (25)]
 37459 | Vaults:2 | Noticed Jory
 37483 | Vaults:2 | Killed Jory
 37751 | Vaults:2 | Reached skill level 19 in Fighting
 38013 | Vaults:2 | HP: 39/167 [fire giant/+1 great sword of flaming[the fury
                  | of Okawaru] (18)]
 38321 | Vaults:2 | Reached skill level 20 in Fighting
 38702 | Vaults:3 | Found a staircase to the Crypt.
 38800 | Vaults:3 | Reached skill level 21 in Fighting
 38813 | Vaults:3 | Identified the +6 halberd of the Iron City of Dis {venom,
                  | rC+ rN+ Int+3}
 39115 | Vaults:3 | HP: 41/172 [dire elephant (10)]
 39177 | Vaults:2 | Was forgiven by Okawaru
 39478 | Vaults:3 | Lost mutation: Your body sometimes deteriorates upon taking
                  | damage. [Jiyva's grace]
 39478 | Vaults:3 | Lost mutation: You occasionally lose the ability to drink
                  | potions when taking damage. [Jiyva's grace]
 39478 | Vaults:3 | Lost mutation: Your health recovers twice as slowly from
                  | being drained. [Jiyva's grace]
 39478 | Vaults:3 | Gained mutation: You possess an exceptional clarity of
                  | mind. [Jiyva's grace]
 39478 | Vaults:3 | Gained mutation: Your natural rate of healing is unusually
                  | fast. [Jiyva's grace]
 39478 | Vaults:3 | Gained mutation: You heal very quickly. [Jiyva's grace]
 39478 | Vaults:3 | Gained mutation: You regenerate. [Jiyva's grace]
 39499 | Vaults:3 | Reached XP level 20. HP: 170/180 MP: 27/27
 39556 | Vaults:3 | Reached skill level 17 in Armour
 39732 | Vaults:4 | Reached **** piety under Jiyva
 39910 | Vaults:4 | Reached skill level 18 in Armour
 40424 | Vaults:4 | Reached skill level 19 in Armour
 40565 | Vaults:4 | Reached ***** piety under Jiyva
 41025 | Elf:1    | Entered Level 1 of the Elven Halls
 41215 | Elf:1    | You are cast into the Abyss!
 41215 | Abyss:3  | Cast into level 3 of the Abyss (a deep elf sorcerer)
 41218 | Abyss:3  | Lost mutation: You have sharp toenails. [Jiyva's grace]
 41218 | Abyss:3  | Lost mutation: You regenerate. [Jiyva's grace]
 41218 | Abyss:3  | Lost mutation: You heal very quickly. [Jiyva's grace]
 41218 | Abyss:3  | Gained mutation: Your flesh is cold resistant. (rC+)
                  | [Jiyva's grace]
 41218 | Abyss:3  | Gained mutation: Your flesh is very cold resistant. (rC++)
                  | [Jiyva's grace]
 41218 | Abyss:3  | Gained mutation: Your flesh is almost immune to the effects
                  | of cold. (rC+++) [Jiyva's grace]
 41218 | Abyss:3  | Gained mutation: Your flesh is very heat resistant. (rF++)
                  | [Jiyva's grace]
 41228 | Abyss:3  | Found a corrupted altar of Lugonu.
 41321 | Abyss:3  | Gained mutation: You occasionally lose the ability to read
                  | scrolls when taking damage. [a neqoxec]
 41379 | Abyss:3  | Reached skill level 20 in Armour
 41501 | Elf:1    | You pass through the gate.
 41501 | Elf:1    | Escaped the Abyss
 41559 | Elf:1    | Found a crumbling gateway.
 41592 | Desolati | Entered the Desolation of Salt
 41679 | Desolati | Reached skill level 21 in Armour
 41708 | Desolati | Identified the ring of the Platytaur {rC+ Will+ Int+3 SInv}
 41777 | Desolati | You add the spells Summon Forest, Eringya's Noxious Bog and
                  | Summon Hydra to your library.
 41863 | Desolati | Identified the +2 scale mail "Fyniunui" {^Drain rC+ Int+6
                  | Slay-6}
 41868 | Desolati | You pick up a book of Alchemy and begin reading...
 41868 | Desolati | You add the spells Sublimation of Blood and Irradiate to
                  | your library.
 41937 | Desolati | Got the Encyclopedia of Creative Spelunking
 41953 | Desolati | You pick up a book of Debilitation and begin reading...
 41953 | Desolati | You add the spells Slow and Sigil of Binding to your
                  | library.
 41957 | Desolati | You pick up a book of Displacement and begin reading...
 41961 | Desolati | Got Quwkemp's Directory of Alluring Causimancy
 41980 | Desolati | You add the spells Foxfire and Summon Lightning Spire to
                  | your library.
 41980 | Desolati | Got the Collected Works on Volatile Weather
 42101 | Desolati | Reached XP level 21. HP: 182/182 MP: 28/28
 42126 | Desolati | Identified the +0 scale mail of the Catfish {Dex+6}
 42182 | Desolati | Reached skill level 22 in Armour
 42413 | Desolati | Identified the +6 plate armour "Xattoat" {Will- Str+3}
 42563 | Desolati | You pick up a book of Sloth and begin reading...
 42566 | Desolati | Identified the +3 chain mail "Boun" {rPois Regen+ Slay+3}
 42622 | Desolati | Identified the amulet "Seav" {+Inv rC+ Regen+ Dex+3}
 42916 | Elf:1    | Noticed Azrael
 42923 | Elf:1    | Killed Azrael
 43057 | Elf:1    | Lost mutation: Your flesh is almost immune to the effects
                  | of cold. (rC+++) [Jiyva's grace]
 43057 | Elf:1    | Lost mutation: Your flesh is very heat resistant. (rF++)
                  | [Jiyva's grace]
 43057 | Elf:1    | Lost mutation: Your flesh is heat resistant. (rF+) [Jiyva's
                  | grace]
 43057 | Elf:1    | Gained mutation: Your body has grown eyes which may confuse
                  | attackers. (Acc +3) [Jiyva's grace]
 43057 | Elf:1    | Gained mutation: Your body has grown many eyes which may
                  | confuse attackers. (Acc +5) [Jiyva's grace]
 43057 | Elf:1    | Gained mutation: Your body is covered in eyes which may
                  | confuse attackers. (Acc +7, SInv) [Jiyva's grace]
 43057 | Elf:1    | Gained mutation: You have hidden genetic potential.
                  | [Jiyva's grace]
 43077 | Elf:1    | Reached skill level 23 in Armour
 43160 | Elf:1    | Reached ****** piety under Jiyva
 43170 | Elf:1    | Paralysed by an air elemental for 1 turns
 43368 | Elf:1    | You add the spells Hailstorm and Starburst to your library.
 43368 | Elf:1    | Got the Secrets of Blasting
 43904 | Slime:1  | Entered Level 1 of the Pits of Slime
 43941 | Slime:5  | Entered Level 5 of the Pits of Slime
 44088 | Slime:5  | Found a viscous altar of Jiyva.
 44096 | Slime:5  | Identified the +3 chain mail "Bunwotag" {Int+2}
 44099 | Slime:5  | Identified the ring of Bumigg {rElec rPois rF- rC++ Dex-2}
 44102 | Slime:5  | Identified the +5 spear "Runeateu" {freeze, Fly rCorr
                  | Int+3}
 44351 | Slime:5  | Identified the staff of Coleyl {rElec rF+ Stlth+ Air}
 44355 | Slime:5  | Identified the +8 long sword of Doom {flame, rF+ Int+3
                  | Stlth+}
 44361 | Slime:5  | Got a slimy rune of Zot
 44365 | Slime:5  | You add the spells Ignite Poison, Freezing Cloud and
                  | Conjure Ball Lightning to your library.
 44365 | Slime:5  | Got the Treatise on Ouranomancy and the Hornet
 44377 | Slime:5  | Identified the +1 ring mail "Ifukhur" {rPois MP-9 Dex+3
                  | Stlth+}
 44381 | Slime:5  | You add the spells Plasma Beam and Fire Storm to your
                  | library.
 44381 | Slime:5  | Got Winoe's Book of Chilly Embers
 44396 | Slime:5  | Noticed the Royal Jelly
 44992 | Elf:2    | magus.rc [v1.9.6]
 45094 | Elf:2    | You pick up a book of Blasting and begin reading...
 45207 | Elf:2    | You pick up a book of Cantrips and begin reading...
 45321 | Elf:2    | Reached skill level 11 in Invocations
 45324 | Elf:2    | You are cast into the Abyss!
 45324 | Abyss:3  | Cast into level 3 of the Abyss (a deep elf sorcerer)
 45400 | Abyss:3  | Found a corrupted altar of Lugonu.
 45418 | Abyss:3  | Found a corrupted altar of Lugonu.
 45460 | Abyss:3  | Found a corrupted altar of Lugonu.
 45490 | Abyss:3  | Found a corrupted altar of Lugonu.
 45533 | Abyss:3  | Found a corrupted altar of Lugonu.
 45586 | Abyss:3  | Reached skill level 12 in Invocations
 45627 | Abyss:3  | Found a viscous altar of Jiyva.
 45644 | Elf:2    | You pass through the gate.
 45644 | Elf:2    | Escaped the Abyss
 45772 | Elf:2    | Found a runed translucent gate.
 45772 | Elf:2    | Found a runed translucent gate.
 45773 | Elf:2    | Found a runed translucent gate.
 46037 | Elf:2    | Reached skill level 13 in Invocations
 46152 | Elf:2    | Lost mutation: Your natural rate of healing is unusually
                  | fast. [Jiyva's grace]
 46152 | Elf:2    | Gained mutation: You are robust. (+10% HP) [Jiyva's grace]
 46152 | Elf:2    | Gained mutation: You are very robust. (+20% HP) [Jiyva's
                  | grace]
 46152 | Elf:2    | Gained mutation: You are extremely robust. (+30% HP)
                  | [Jiyva's grace]
 46152 | Elf:2    | Gained mutation: Your translucent skin slightly reduces
                  | your foes' accuracy. (Stealth+) [Jiyva's grace]
 46293 | Elf:2    | Identified the blade talisman of Ranil {Will- Int+4}
 46408 | Elf:3    | Entered Level 3 of the Elven Halls
 46914 | Elf:3    | Reached skill level 14 in Invocations
 47026 | Elf:3    | Identified the +6 great mace of Biag {protect, Int+3}
 47126 | Elf:3    | You add the spells Vhi's Electric Charge, Arcjolt and
                  | Maxwell's Capacitive Coupling to your library.
 47168 | Elf:3    | Reached XP level 22. HP: 206/241 MP: 29/32
 47193 | Elf:3    | Reached skill level 15 in Invocations
 47193 | Elf:3    | HP: 59/252 [???[a deep elf demonologist] (56)]
 47194 | Elf:3    | Was placed under penance by Jiyva
 47325 | Elf:3    | Identified the ring "Guguroo" {Str-3 Int+2 Dex+6 SInv}
 47339 | Elf:3    | Gained mutation: Your mind is acute. (Int +4, Str/Dex -1)
                  | [hidden potential]
 47493 | Elf:3    | Identified the +6 scale mail of Fashionability {rN+ Will+
                  | Dex+3 SInv}
 47508 | Elf:3    | Identified the ring of Vavioc {^Contam rElec rN++ Str+4
                  | Int+6}
 47516 | Elf:3    | Identified the +5 great sword of the Living Dead {freeze,
                  | Dex+4}
 47530 | Elf:3    | You pick up a book of Annihilations and begin reading...
 47530 | Elf:3    | You add the spells Chain Lightning and Shatter to your
                  | library.
 47533 | Elf:3    | You pick up a book of Storms and begin reading...
 47533 | Elf:3    | You add the spells Static Discharge and Airstrike to your
                  | library.
 47595 | Elf:3    | Found the +8 arc blade {discharge, rElec}
 47598 | Elf:3    | Identified the +0 ring mail of Osymi {Int+3}
 47631 | Elf:3    | Identified the +7 eveningstar of Oskodghi {heavy, Str+4}
 47725 | Elf:3    | Lost mutation: Your translucent skin slightly reduces your
                  | foes' accuracy. (Stealth+) [the all-consuming vengeance of
                  | Jiyva]
 48027 | Depths:1 | Entered Level 1 of the Depths
 48087 | Depths:1 | You pick up a book of Conjurations {@e2} and begin
                  | reading...
 48087 | Depths:1 | You add the spells Magic Dart and Searing Ray to your
                  | library.
 48091 | Depths:1 | Was forgiven by Jiyva
 48141 | Depths:1 | Found a shadowy altar of Dithmenos.
 48150 | Depths:1 | Reached skill level 15 in Maces & Flails
 48359 | Depths:1 | Reached skill level 16 in Maces & Flails
 48423 | Depths:1 | Found a gateway to Hell.
 48683 | Depths:1 | Found a one-way gateway to a ziggurat.
 48902 | Depths:2 | Reached skill level 17 in Maces & Flails
 48973 | Depths:2 | Found a one-way gate to the infinite horrors of the Abyss.
 48985 | Depths:2 | Lost mutation: Your flesh is very cold resistant. (rC++)
                  | [Jiyva's grace]
 48985 | Depths:2 | Lost mutation: You are extremely robust. (+30% HP) [Jiyva's
                  | grace]
 48985 | Depths:2 | Lost mutation: You are very robust. (+20% HP) [Jiyva's
                  | grace]
 48985 | Depths:2 | Lost mutation: You are robust. (+10% HP) [Jiyva's grace]
 48985 | Depths:2 | Lost mutation: You occasionally lose the ability to read
                  | scrolls when taking damage. [Jiyva's grace]
 48985 | Depths:2 | Gained mutation: Your tail ends in a venomous barb.
                  | [Jiyva's grace]
 48985 | Depths:2 | Gained mutation: Your tail ends in a sharp venomous barb.
                  | [Jiyva's grace]
 48985 | Depths:2 | Gained mutation: Your tail ends in a wickedly sharp and
                  | venomous barb. [Jiyva's grace]
 48985 | Depths:2 | Gained mutation: You expend magic power (3 MP) to
                  | strengthen your wands. [Jiyva's grace]
 49267 | Depths:2 | Reached skill level 16 in Invocations
 49370 | Depths:2 | You pick up a book of Frost and begin reading...
 49577 | Depths:2 | HP: 47/194 [poison (poison gas)]
 49582 | Depths:2 | HP: 37/194 [poison (poison gas)]
 49587 | Depths:2 | HP: 44/194 [poison (poison gas)]
 49641 | Depths:2 | Found a one-way gate leading to the halls of Pandemonium.
 49832 | Depths:2 | Found Battoi's Antique Weapon Shoppe.
 50194 | Depths:3 | Noticed a shard shrike
 50194 | Depths:3 | Noticed a shard shrike
 50196 | Depths:3 | Noticed a shard shrike
 50202 | Depths:3 | Killed a shard shrike
 50413 | Depths:4 | Entered Level 4 of the Depths
 50417 | Depths:4 | Noticed a caustic shrike
 50417 | Depths:4 | Noticed Grunn
 50418 | Depths:4 | Noticed a caustic shrike
 50419 | Depths:4 | Noticed a caustic shrike
 50429 | Depths:3 | Reached skill level 17 in Invocations
 50436 | Depths:3 | HP: 34/192 [???[a doom hound] (26)]
 50498 | Depths:3 | Noticed a golden dragon
 50506 | Depths:3 | Killed a golden dragon
 50700 | Depths:4 | Reached XP level 23. HP: 200/200 MP: 33/35
 50861 | Depths:4 | Found a gate to the Realm of Zot.
 50952 | Zot:1    | Entered Level 1 of the Realm of Zot
 50991 | Depths:4 | Reached skill level 18 in Invocations
 51181 | Zot:2    | +0 storm dragon scales {rare}; a storm dragon corpse
 51205 | Zot:2    | +0 storm dragon scales {rare}; a storm dragon corpse
 51216 | Zot:2    | Gained mutation: You are agile. (Dex +4, Str/Int -1)
                  | [hidden potential]
 51216 | Zot:2    | Lost mutation: You have hidden genetic potential. [hidden
                  | potential expressed]
 51234 | Zot:2    | +0 storm dragon scales {rare}; a storm dragon corpse
 51249 | Zot:2    | +0 storm dragon scales {rare}; a storm dragon corpse
 51326 | Zot:2    | +0 storm dragon scales {rare}; a storm dragon corpse
 51360 | Zot:2    | +0 storm dragon scales {rare}; a storm dragon corpse
 51386 | Zot:2    | Reached skill level 19 in Invocations
 51475 | Zot:2    | +0 storm dragon scales {rare}; a storm dragon skeleton
 51485 | Zot:2    | Lost mutation: Your tail ends in a wickedly sharp and
                  | venomous barb. [Jiyva's grace]
 51485 | Zot:2    | Lost mutation: Your muscles are strong. (Str +4, Int/Dex
                  | -1) [Jiyva's grace]
 51485 | Zot:2    | Lost mutation: Your body is covered in eyes which may
                  | confuse attackers. (Acc +7, SInv) [Jiyva's grace]
 51485 | Zot:2    | Lost mutation: Your body has grown many eyes which may
                  | confuse attackers. (Acc +5) [Jiyva's grace]
 51485 | Zot:2    | Lost mutation: You expend magic power (3 MP) to strengthen
                  | your wands. [Jiyva's grace]
 51485 | Zot:2    | Gained mutation: Your flesh is heat resistant. (rF+)
                  | [Jiyva's grace]
 51485 | Zot:2    | Gained mutation: Your flesh is very heat resistant. (rF++)
                  | [Jiyva's grace]
 51485 | Zot:2    | Gained mutation: Your flesh is almost immune to the effects
                  | of heat. (rF+++) [Jiyva's grace]
 51485 | Zot:2    | Gained mutation: You have a small jelly attached to you
                  | that may absorb projectiles. [Jiyva's grace]
 51574 | Zot:5    | Entered Level 5 of the Realm of Zot
 51575 | Zot:5    | Noticed an electric golem
 51631 | Zot:5    | Killed an electric golem
 52131 | Zot:5    | Noticed a dread lich
 52155 | Zot:5    | Reached skill level 20 in Invocations
 52159 | Zot:5    | Noticed an orb of fire
 52193 | Zot:5    | Noticed an electric golem
 52206 | Zot:5    | Killed a dread lich
 52218 | Zot:5    | Killed an electric golem
 52268 | Zot:5    | Noticed a Killer Klown
 52294 | Zot:5    | Killed a Killer Klown
 52323 | Zot:5    | Found the +4 dragonskin cloak
 52323 | Zot:5    | Noticed Tiamat
 52323 | Zot:5    | Tiamat is wielding a +2 demon trident of venom and wearing
                  | the +4 dragonskin cloak. The red draconian is wielding a +3
                  | trident of flaming.
 52326 | Zot:5    | Noticed an orb of fire
 52326 | Zot:5    | magus.rc [v1.9.6]
 52326 | Zot:5    | Here: Tiamat, wielding a +2 demon trident of venom and
                  | wearing the +4 dragonskin cloak
 52326 | Zot:5    | Here: Tiamat, wielding a +2 demon trident of venom and
                  | wearing the +4 dragonskin cloak
 52331 | Zot:5    | Noticed an ancient lich
 52337 | Zot:5    | Lost mutation: You possess an exceptional clarity of mind.
                  | [an orb of fire]
 52342 | Zot:5    | Killed an orb of fire
 52348 | Zot:5    | Noticed an orb of fire
 52367 | Zot:5    | Lost mutation: Your flesh is cold resistant. (rC+) [an orb
                  | of fire]
 52369 | Zot:5    | Noticed a dread lich
 52371 | Zot:5    | Noticed a dread lich
 52371 | Zot:5    | Killed an orb of fire
 52377 | Zot:5    | Noticed a Killer Klown
 52379 | Zot:5    | Gained mutation: You have a pair of small antennae on your
                  | head. [an orb of fire]
 52391 | Zot:5    | Got the Orb of Zot
 52393 | Zot:5    | Noticed an electric golem
 52404 | Zot:5    | Reached skill level 21 in Invocations
 52504 | Zot:2    | Identified +1 pearl dragon scales
 52504 | Zot:2    | Noticed a seraph
 52595 | Depths:4 | Noticed a dread lich
 52596 | Depths:4 | +0 shadow dragon scales {rare}; a shadow dragon corpse
 52599 | Depths:4 | Killed a dread lich
 52696 | Depths:4 | Killed a caustic shrike
 52697 | Depths:4 | Reached XP level 24. HP: 176/199 MP: 37/37
 52704 | Depths:4 | Killed a caustic shrike
 52709 | Depths:4 | Killed a caustic shrike
 52721 | Depths:3 | +0 shadow dragon scales {rare}; a shadow dragon corpse
 52903 | D:12     | Reached skill level 22 in Invocations
 53127 | D:12     | Noticed Jaunuiph the pandemonium lord
 53134 | D:11     | Killed Jaunuiph the pandemonium lord
 53299 | D:12     | Noticed Etakunam the pandemonium lord
 53361 | D:11     | Killed Etakunam the pandemonium lord
 53426 | D:11     | Gained mutation: You are frail. (-10% HP) [a cacodemon]
 53683 | D:11     | Reached skill level 23 in Invocations
 53787 | D:11     | Noticed Hanurugopa the pandemonium lord
 53787 | D:11     | Noticed an ancient lich
 53834 | D:9      | Noticed Haraopuu the pandemonium lord
 53856 | D:9      | Killed Haraopuu the pandemonium lord
 53967 | D:7      | Gained mutation: You occasionally shout uncontrollably at
                  | your foes. [a neqoxec]
 54066 | D:1      | Noticed Qiwony the pandemonium lord
 54136 | D:$      | Escaped with the Orb!

Vanquished Creatures
  2 dread liches
  2 orbs of fire (Zot:5)
  3 pandemonium lords
  A Killer Klown (Zot:5)
  A shard shrike (Depths:3)
  3 caustic shrikes (Depths:4)
  2 golden dragons
  Nikola (Spider:2)
  Jory (Vaults:2)
  Arachne (Spider:3)
  3 Tzitzimimeh
  A doom hound (Depths:3)
  2 electric golems (Zot:5)
  9 tentacled monstrosities
  Rupert (D:15)
  2 hellephants
  2 Hell Sentinels
  An Ice Fiend (D:12)
  9 titans
  2 liches
  17 Orb Guardians
  3 deep elf master archers
  A quicksilver dragon (Depths:4)
  3 deep elf blademasters
  Polyphemus (Shoals:2)
  4 Executioners
  3 sphinxes
  2 tentacled starspawn (Abyss:3)
  3 death cobs (Zot:5)
  2 krakens (Shoals:3)
  Aizul (Spider:3)
  3 storm dragons
  Donald (Shoals:2)
  2 tengu reavers
  Agnes (Spider:3)
  A daeva (D:11)
  3 shadow dragons
  Ilsuiw (Shoals:2)
  3 protean progenitors
  A draconian monk (Zot:5)
  8 fire giants
  10 vault wardens
  A draconian shifter (Zot:2)
  2 draconian knights (Depths:4)
  17 deep elf sorcerers
  10 frost giants
  3 imperial myrmidons (Desolation)
  3 draconian scorchers (Zot:2)
  2 angels (D:11)
  6 ghost moths
  6 emperor scorpions
  3 balrugs
  4 deep elf elementalists
  4 draconian stormcallers (Zot:2)
  3 draconian annihilators
  3 cacodemons
  6 orc warlords
  3 reapers
  A demonspawn corrupter (D:9)
  A demonspawn blood saint (D:11)
  12 ironbound preservers
  7 ironbound thunderhulks
  2 broodmothers
  A demonspawn black sun (Depths:4)
  2 war gargoyles (Vaults:2)
  The ghost of asdu the Black Belt, a journeyman MeSh of Cheibriados (D:14)
  A starflower (Abyss:3)
  A vampire knight (Depths:4)
  14 stone giants
  22 very ugly things
  Azrael (Elf:1)
  Nessos (D:12)
  5 green draconians
  7 deep elf demonologists
  2 minotaurs (Vaults:2)
  10 white draconians
  8 deep elf annihilators
  4 red draconians
  2 lorocyprocas
  6 purple draconians
  2 pale draconians (Depths:4)
  6 spark wasps
  4 black draconians
  3 green deaths
  3 halazid warlocks (Desolation)
  5 yellow draconians
  13 dire elephants
  6 deep elf death magi
  8 merfolk javelineers
  3 ettins
  6 yaktaur captains
  Josephine (D:11)
  6 deep elf high priests (Elf:3)
  2 fire dragons (Depths:1)
  8 merfolk impalers
  2 blizzard demons
  8 entropy weavers
  8 ragged hierophants
  3 rakshasas
  Fannar (Lair:3)
  11 servants of whispers (Desolation)
  A spectral tengu (Depths:4)
  2 spriggan zombies (Abyss:3)
  2 hell beasts
  3 vault guards (Vaults:4)
  4 hydras
  11 peacekeepers
  7 ice dragons
  9 ironbound frosthearts
  2 catoblepae
  8 radroaches
  3 jorogumos
  A spriggan air mage (Depths:1)
  8 merfolk aquamancers
  Erica (D:10)
  4 ogre magi
  4 death knights
  4 deep troll shamans
  8 boulder beetles
  11 centaur warriors
  22 dancing weapons
  2 merfolk avatars
  A vampire mage (Depths:4)
  2 alligator snapping turtles
  9 demonic crawlers
  14 two-headed ogres
  An orc high priest (Elf:1)
  3 spriggan berserkers
  11 death yaks
  3 occultists
  3 deep troll earth magi
  9 tengu warriors
  3 soul eaters
  2 hell knights
  5 spriggans
  10 sun demons
  Nergalle (Lair:3)
  17 deep elf knights
  A salamander mystic (Depths:1)
  5 wretched stars (Abyss:3)
  11 pharaoh ants
  A spatial maelstrom (Abyss:3)
  A fire crab (D:14)
  5 skysharks
  Lodul (D:10)
  2 sixfirhies
  A shadow wraith (Depths:4)
  3 iron trolls
  11 skeletal warriors
  14 sea snakes
  2 flayed ghosts
  2 shadow demons (D:12)
  13 ironbound convokers
  3 swamp dragons (Depths:4)
  A glowing orange brain (D:7)
  34 deep trolls
  13 orc knights
  A lindwurm (shapeshifter) (D:14)
  14 lindwurms
  A golden dragon skeleton (Depths:2)
  12 orb spiders
  4 phantasmal warriors
  9 arcanists
  14 deep elf archers
  6 necromancers
  32 deep elf zephyrmancers
  10 steelbarb worms
  10 harpies
  42 deep elf pyromancers
  21 ugly things
  A sphinx simulacrum (Depths:2)
  A fire giant zombie (Depths:2)
  A wolf spider zombie (D:15)
  23 wolf spiders
  An orc sorcerer (Orc:1)
  7 fauns (Shoals:1)
  8 moths of wrath
  11 cyclopes
  10 manticores
  9 elephants
  3 salamanders (Depths:1)
  A rust devil (D:9)
  12 vault sentinels
  5 guardian serpents (Desolation)
  5 molten gargoyles (Desolation)
  3 kobold blastminers
  3 water nymphs (Shoals:4)
  3 black mambas
  9 merfolk sirens
  8 smoke demons
  8 orange demons
  An unseen horror (D:12)
  An elf zombie (Vaults:2)
  6 torpor snails
  11 cane toads
  A redback zombie (D:11)
  6 rime drakes
  2 gargoyles
  4 freezing wraiths
  4 centaur skeletons
  8 large abominations
  2 kobold demonologists (D:9)
  3 hellions
  3 ancient zymes (Abyss:3)
  14 yaktaurs
  10 komodo dragons
  3 tengu conjurers
  3 tormentors
  3 ice devils
  A red devil (D:12)
  40 merfolk
  17 trolls
  8 hellwings
  2 polar bears
  A tengu simulacrum (Vaults:2)
  6 wind drakes
  A polar bear (shapeshifter) (D:14)
  4 meliai
  A harpy skeleton (Abyss:3)
  25 tarantellas
  73 saltlings
  7 hornets
  2 snapping turtles
  2 dream sheep (Shoals:1)
  4 raiju (Abyss:3)
  13 blink frogs
  A slime creature (D:6)
  3 air elementals
  20 jumping spiders
  31 culicivoras
  4 flying skulls (Abyss:3)
  22 yaks
  3 shadows
  3 small abominations
  8 wraiths
  A black mamba zombie (Abyss:3)
  12 water elementals
  A ynoxinul (Abyss:3)
  4 wyverns
  8 fire elementals
  4 basilisks
  6 steam dragons
  89 redbacks
  4 neqoxecs
  A chaos spawn (D:12)
  7 vampire mosquitoes
  2 spatial vortices (Abyss:3)
  13 water moccasins
  3 acid dragons
  11 hell hounds
  6 black bears
  14 orc warriors
  5 ice beasts
  41 ogres
  4 boggarts (Vaults:2)
  18 wolves
  A wolf (shapeshifter) (D:15)
  14 centaurs
  A phantom (D:6)
  5 kobold brigands
  21 bullfrogs
  A brain worm (Sewer)
  A necrophage (D:5)
  A gnoll sergeant (D:9)
  2 earth elementals
  2 scorpions
  2 water moccasin zombies (D:5)
  20 wights
  A human simulacrum (Vaults:2)
  23 killer bees
  5 electric eels
  4 howler monkeys
  A crimson imp (D:7)
  A bullfrog zombie (D:5)
  7 centaur zombies
  A human zombie (D:5)
  A jelly (D:7)
  7 orc priests
  2 hounds (D:7)
  A gnoll bouda (D:7)
  2 iron imps (Abyss:3)
  3 sleepcaps (D:7)
  14 starcursed masses (Abyss:3)
  A boggart zombie (D:11)
  7 iguanas
  14 orc wizards
  13 hell rats
  3 mummies (D:5)
  2 howler monkey zombies (D:5)
  18 gnolls
  9 adders
  7 shadow imps
  4 white imps
  4 ufetubi
  A worm (D:4)
  4 dart slugs
  67 orcs
  10 ball pythons
  6 bats
  20 endoplasms
  6 giant cockroaches
  6 goblins
  11 hobgoblins
  4 quokkas
  4 frilled lizards
  36 kobolds
  5 rats
  2 aspiring fleshes (Depths:4)
  A butterfly (Lair:4)
  3 starspawn tentacles (Abyss:3)
  A tentacle (Shoals:3)
2116 creatures vanquished.

Vanquished Creatures (collateral kills)
  A Tzitzimitl (Depths:3)
  A blizzard demon (Zot:5)
  A ragged hierophant (Desolation)
  2 tormentors (Depths:3)
  A saltling (Desolation)
  5 orcs (D:6)
11 creatures vanquished.

Vanquished Creatures (others)
  A sphinx (Vaults:1)
  A frost giant (Vaults:1)
  A deep elf elementalist (Abyss:3)
  4 formless jellyfish
  An ironbound thunderhulk (Vaults:3)
  A fire dragon (Abyss:3)
  2 yaktaur captains (Vaults:1)
  4 great orbs of eyes
  An ogre mage (Abyss:3)
  A merfolk aquamancer (Shoals:2)
  An orb spider (Spider:2)
  3 glowing orange brains
  An ironbound convoker (Vaults:2)
  2 orc knights (Vaults:1)
  A deep elf zephyrmancer (Elf:2)
  A shining eye (shapeshifter) (Depths:4)
  2 ugly things (Vaults:3)
  A vault sentinel (Vaults:1)
  A water nymph (Shoals:1)
  7 yaktaurs (Vaults:1)
  A rime drake (shapeshifter) (Elf:2)
  A meliai (Zot:5)
  A saltling (Desolation)
  13 slime creatures
  2 fire bats (Abyss:3)
  4 golden eyes (Zot:5)
  A redback (Spider:2)
  3 chaos spawn (Abyss:3)
  117 jellies
  2 orcs (Elf:1)
  4 starspawn tentacles (Abyss:3)
  10 tentacles (Shoals:3)
196 creatures vanquished.

Grand Total: 2323 creatures vanquished

Table legend:
 A = Non-vault XP
 B = Vault XP
 C = Vault XP percentage of total XP
 D = Non-vault monster count
 E = Vault monster count
 F = Vault count percentage of total count
                 A         B        C        D         E       F
            +---------+---------+-------+---------+---------+-------
      Total |  532994 |  451552 |  45.9 |    1234 |     738 |  37.4
            +---------+---------+-------+---------+---------+-------
        D:1 |      55 |       0 |   0.0 |      25 |       0 |   0.0
        D:2 |     102 |      11 |   9.7 |      17 |       6 |  26.1
        D:3 |      70 |       0 |   0.0 |      19 |       0 |   0.0
        D:4 |     459 |       0 |   0.0 |      25 |       0 |   0.0
        D:5 |     290 |     645 |  69.0 |       7 |      17 |  70.8
        D:6 |    1403 |     367 |  20.7 |      28 |       2 |   6.7
        D:7 |    1813 |    5900 |  76.5 |      30 |      32 |  51.6
        D:8 |    1522 |       0 |   0.0 |      26 |       0 |   0.0
        D:9 |    3241 |      14 |   0.4 |      34 |       5 |  12.8
       D:10 |    2348 |    3201 |  57.7 |      26 |      22 |  45.8
       D:11 |    3246 |    5006 |  60.7 |      17 |      18 |  51.4
       D:12 |    4961 |    1019 |  17.0 |      20 |       1 |   4.8
       D:13 |    6722 |    8348 |  55.4 |      15 |      10 |  40.0
       D:14 |    1936 |   10580 |  84.5 |       6 |      16 |  72.7
       D:15 |   17429 |    7696 |  30.6 |      30 |      12 |  28.6
     Lair:1 |    8964 |       0 |   0.0 |      28 |       0 |   0.0
     Lair:2 |    7523 |    2356 |  23.8 |      38 |       8 |  17.4
     Lair:3 |    3675 |    1660 |  31.1 |      13 |       2 |  13.3
     Lair:4 |    7547 |    2324 |  23.5 |      27 |      14 |  34.1
     Lair:5 |    6448 |    8788 |  57.7 |      26 |      20 |  43.5
   Shoals:1 |   19945 |       0 |   0.0 |      42 |       0 |   0.0
   Shoals:2 |   11981 |    8234 |  40.7 |      26 |       9 |  25.7
   Shoals:3 |   15427 |       0 |   0.0 |      24 |       0 |   0.0
   Shoals:4 |    8705 |   16265 |  65.1 |      17 |      24 |  58.5
   Spider:1 |   18098 |       0 |   0.0 |      51 |       0 |   0.0
   Spider:2 |   30499 |    2286 |   7.0 |      81 |       1 |   1.2
   Spider:3 |   24795 |    4994 |  16.8 |      60 |       4 |   6.2
   Spider:4 |   18308 |   22161 |  54.8 |      40 |      35 |  46.7
      Orc:1 |    2089 |       0 |   0.0 |      14 |       0 |   0.0
      Orc:2 |    4801 |   14735 |  75.4 |      30 |      37 |  55.2
      Elf:1 |   15954 |   17784 |  52.7 |      29 |      33 |  53.2
      Elf:2 |   17479 |   21972 |  55.7 |      27 |      32 |  54.2
      Elf:3 |    9742 |   47543 |  83.0 |      14 |      43 |  75.4
   Vaults:1 |   20730 |   15484 |  42.8 |      26 |      21 |  44.7
   Vaults:2 |   13945 |   20717 |  59.8 |      16 |      27 |  62.8
   Vaults:3 |   17058 |   29241 |  63.2 |      24 |      34 |  58.6
   Vaults:4 |   18453 |   16576 |  47.3 |      27 |      18 |  40.0
   Depths:1 |   39755 |    1882 |   4.5 |      48 |       2 |   4.0
   Depths:2 |   22047 |    3335 |  13.1 |      26 |       4 |  13.3
   Depths:3 |   20954 |    5975 |  22.2 |      23 |       3 |  11.5
   Depths:4 |   12419 |   35228 |  73.9 |       8 |      34 |  81.0
      Zot:1 |    3381 |       0 |   0.0 |       3 |       0 |   0.0
      Zot:2 |   24674 |    3520 |  12.5 |      22 |       3 |  12.0
      Zot:3 |     512 |       0 |   0.0 |       1 |       0 |   0.0
      Zot:4 |    3690 |       0 |   0.0 |       2 |       0 |   0.0
      Zot:5 |   23942 |   42223 |  63.8 |      22 |      22 |  50.0
    Abyss:3 |   33857 |    1052 |   3.0 |      74 |       1 |   1.3
      Sewer |       0 |     279 | 100.0 |       0 |      12 | 100.0
     Bailey |       0 |     240 | 100.0 |       0 |      19 | 100.0
    Volcano |       0 |    5904 | 100.0 |       0 |      17 | 100.0
 Desolation |       0 |   56007 | 100.0 |       0 |     118 | 100.0
            +---------+---------+-------+---------+---------+-------

Skill      XL: |  1  2  3  4  5  6  7  8  9 10 11 12 13 14 15 16 17 18 19 20 21 22 23 24 |
---------------+-------------------------------------------------------------------------+-----
Fighting       | 3 4 5 8 10 11 14 16 17 21 | 21.1
Maces & Flails | 3 4 5 6 8 10 11 12 14 17 | 17.6
Armour         | 4 10 11 14 16 21 23 | 23.2
Shields        | 3 8 13 14 16 | 16.0
Evocations     | 3 6 7 10 | 10.0
Invocations    | 4 8 9 10 14 17 21 23 | 23.3
Dodging        | 5 6 7 9 10 | 10.0

Action                     |  1- 3 |  4- 6 |  7- 9 | 10-12 | 13-15 | 16-18 | 19-21 | 22-24 || total
---------------------------+-------+-------+-------+-------+-------+-------+-------+-------++-------
  Melee: Mace              |    89 |   154 |   309 |    39 |       |       |       |       ||   591
         Tailslap          |     7 |    21 |    50 |   118 |   311 |   489 |   668 |   293 ||  1957
         Punch             |     1 |     2 |     2 |    11 |       |       |       |       ||    16
         Headbutt          |       |       |    62 |   205 |       |       |       |       ||   267
         Flail             |       |       |       |   633 |       |       |       |       ||   633
         Demon whip        |       |       |       |   210 |  1513 |  2262 |  2801 |    77 ||  6863
         Kick              |       |       |       |     9 |    19 |       |       |       ||    28
         Eveningstar       |       |       |       |       |       |    65 |       |  1108 ||  1173
  Throw: Dart              |       |       |     4 |     8 |       |       |       |       ||    12
 Invoke: Heroism           |       |       |       |     1 |     8 |    17 |       |       ||    26
         Receive Weapon    |       |       |       |     1 |       |       |       |       ||     1
         Receive Armour    |       |       |       |     1 |       |       |       |       ||     1
         Finesse           |       |       |       |       |     5 |    18 |       |       ||    23
         Oozemancy         |       |       |       |       |       |       |     2 |       ||     2
  Evoke: Wand              |       |       |       |     6 |       |     1 |     6 |     6 ||    19
         Condenser vane    |       |       |       |       |       |     2 |     4 |     3 ||     9
         Phial of floods   |       |       |       |       |       |     1 |     1 |       ||     2
         Lightning rod     |       |       |       |       |       |     5 |     6 |     7 ||    18
    Use: Scroll            |       |       |     6 |    14 |     7 |     8 |     9 |    22 ||    66
         Potion            |       |       |     4 |    10 |       |     7 |     9 |    25 ||    55
   Stab: Paralysed         |       |     1 |     2 |       |       |       |       |       ||     3
         Confused          |       |     1 |     4 |     1 |       |       |    10 |    48 ||    64
         Sleeping          |       |       |     1 |     5 |       |       |     1 |       ||     7
         Distracted        |       |       |       |     1 |       |       |     1 |     1 ||     3
         Invisible         |       |       |       |     5 |       |       |       |     9 ||    14
         Petrified         |       |       |       |       |    21 |     9 |       |       ||    30
         Petrifying        |       |       |       |       |     2 |     1 |       |       ||     3
 Armour: Leather armour    |    47 |    57 |   164 |   538 |   175 |       |       |       ||   981
         Animal skin       |       |       |       |       |   415 |  1282 |  1207 |       ||  2904
         Chain mail        |       |       |       |       |       |       |   313 |    39 ||   352
         Scale mail        |       |       |       |       |       |       |       |  1409 ||  1409
  Dodge: Dodged            |    57 |   105 |   210 |   608 |   393 |   796 |   706 |   583 ||  3458
  Block: Kite shield       |       |       |       |   111 |   551 |  1133 |  1294 |  1285 ||  4374

Illustrated notes

Table legend:
 A = Kills in this place as a percentage of kills in the entire game.
 B = Kills by you in this place as a percentage of kills by you in the entire game.
 C = Kills by friends in this place as a percentage of kills by friends in the entire game.
 D = Other kills in this place as a percentage of other kills in the entire game.
 E = Experience gained in this place as a percentage of experience gained in the entire game.
 F = Experience gained in this place divided by the number of levels of this place that you have seen.
                   A       B       C       D       E      F
               +-------+-------+-------+-------+-------+----------------------
         Total | 100.0 | 100.0 | 100.0 | 100.0 | 100.0 | 18266.7
       Dungeon |  26.0 |  26.0 |  45.5 |   0.0 |  14.1 | 9942.5
          Lair |   8.6 |   8.7 |   0.0 |   0.0 |   4.7 | 9857.0
        Shoals |   6.9 |   6.9 |   0.0 |  20.0 |   7.6 | 20139.2
   Spider Nest |  13.2 |  13.3 |   0.0 |  10.0 |  11.4 | 30285.2
  Orcish Mines |   3.9 |   4.0 |   0.0 |   0.0 |   2.0 | 10812.5
   Elven Halls |   8.7 |   8.7 |   0.0 |  10.0 |  12.3 | 43491.3
        Vaults |   9.4 |   9.5 |   0.0 |   0.0 |  14.4 | 38051.0
        Depths |   7.6 |   7.5 |  27.3 |  10.0 |  14.3 | 37828.8
           Zot |   3.9 |   3.7 |   9.1 |  30.0 |  10.0 | 21278.4
         Abyss |   3.7 |   3.6 |   0.0 |  10.0 |   3.3 | 17454.5
         Sewer |   0.6 |   0.6 |   0.0 |   0.0 |   0.0 | 279.0
        Bailey |   0.9 |   0.9 |   0.0 |   0.0 |   0.0 | 240.0
       Volcano |   0.8 |   0.8 |   0.0 |   0.0 |   0.6 | 5904.0
    Desolation |   5.7 |   5.7 |  18.2 |  10.0 |   5.3 | 56007.0
               +-------+-------+-------+-------+-------+----------------------

Table legend: (Time is in decaauts)
 A = Elapsed time spent in this place.
 B = Non-inter-level travel time spent in this place.
 C = Inter-level travel time spent in this place.
 D = Time resting spent in this place.
 E = Time spent auto-exploring this place.
 F = Levels seen in this place.
 G = Mean time per level.
                   A        B        C        D        E       F      G
               +--------+--------+--------+--------+--------+-----+--------+
         Total |  51007 |  46084 |   4923 |   5661 |  28261 |  58 |  879.4 |
       Dungeon |  18101 |  15845 |   2256 |   2124 |  10209 |  15 | 1206.7 |
        Temple |     10 |     10 |      0 |      0 |      0 |   1 |   10.0 |
          Lair |   6208 |   5278 |    930 |    969 |   3372 |   5 | 1241.6 |
        Shoals |   3835 |   3613 |    222 |    474 |   2347 |   4 |  958.8 |
   Spider Nest |   4762 |   4534 |    228 |    588 |   2681 |   4 | 1190.5 |
    Slime Pits |    875 |    783 |     92 |      0 |    702 |   5 |  175.0 |
  Orcish Mines |   1164 |   1013 |    151 |      0 |    774 |   2 |  582.0 |
   Elven Halls |   3409 |   3129 |    280 |     64 |   2140 |   3 | 1136.3 |
        Vaults |   5626 |   5323 |    303 |    661 |   3198 |   4 | 1406.5 |
        Depths |   3144 |   2854 |    290 |    381 |   1537 |   4 |  786.0 |
           Zot |   1482 |   1313 |    169 |    228 |    322 |   5 |  296.4 |
         Abyss |    469 |    469 |      0 |      3 |     25 |   2 |  234.5 |
         Sewer |    239 |    239 |      0 |     44 |    119 |   1 |  239.0 |
        Bailey |    343 |    343 |      0 |     77 |    157 |   1 |  343.0 |
       Volcano |    260 |    260 |      0 |     13 |     87 |   1 |  260.0 |
    Desolation |   1075 |   1075 |      0 |     32 |    591 |   1 | 1075.0 |
               +--------+--------+--------+--------+--------+-----+--------+

Top non-repeatable levels by time:
Vaults:2: 1965 daAuts
     D:9: 1779 daAuts
     D:7: 1722 daAuts
    D:10: 1655 daAuts
  Lair:2: 1621 daAuts
     D:6: 1574 daAuts
  Lair:1: 1561 daAuts
Vaults:1: 1526 daAuts
    D:12: 1501 daAuts
Spider:2: 1365 daAuts
   Elf:3: 1299 daAuts
Spider:3: 1284 daAuts
Spider:4: 1261 daAuts
     D:8: 1187 daAuts
     D:5: 1186 daAuts
